 Dungeon Crawl Stone Soup version 0.22.0-49-gab54619 (webtiles) character file.

12262379 Rhok the Rhythm of Life and Death (level 27, 179/179 HPs)
             Began as a Gargoyle Gladiator on Sept 3, 2018.
             Was a Follower of Uskayaw.
             Escaped with the Orb
             ... and 15 runes on Sept 5, 2018!
             The game lasted 11:27:23 (139254 turns).

Rhok the Rhythm of Life and Death (GrGl)          Turns: 139254, Time: 11:27:23

Health: 179/179    AC: 74    Str: 28    XL:     27
Magic:  54/54      EV: 21    Int: 29    God:    Uskayaw [*.....]
Gold:   9891       SH: 36    Dex: 16    Spells: 0/80 levels left

rFire    + + .     SeeInvis +   c - +8 mithril axe "Arga" {speed, MR+}
rCold    + + .     Gourm    .   W - +8 large shield
rNeg     + + +     Faith    .   L - +12 gold dragon scales
rPois    ∞         Spirit   .   H - +3 crown of Dyrovepreva {rElec Int+2 SInv}
rElec    +         Reflect  .   s - +1 cloak of Marbles {Int+4 Slay+2}
rCorr    .         Harm     .   w - +0 pair of gloves "Ojif" {rC+ Slay+2}
MR       +++++                  C - +2 pair of boots of the Assassin {Detection Stab+ Stlth++}
Stlth    ++........             i - amulet "Ucuis" {+Rage +Fly rF++ rN+ Int+3 Dex-2}
HPRegen  0.39/turn              p - ring of Zosol {rF- MR+ Int+9 Dex+2}
MPRegen  0.34/turn              K - ring of Sythautea {Wiz rN+ Dex+4}

@: flying
A: big wings, beak, slimy green scales 1, blurry vision 1, frail 1, magic
resistance 1, negative energy resistance 1, electricity resistance, unbreathing,
petrification resistance, rot immunity, MP-powered wands, AC +20
0: Orb of Zot
}: 15/15 runes: serpentine, barnacled, slimy, silver, golden, iron, obsidian,
icy, bone, abyssal, demonic, glowing, magical, fiery, dark
a: Stop Flying, Stomp, Renounce Religion, Evoke Berserk Rage


You escaped.
You worshipped Uskayaw.
Uskayaw was exalted by your worship.
You were not hungry.

You visited 17 branches of the dungeon, and saw 89 of its levels.
You visited Pandemonium 2 times, and saw 35 of its levels.
You visited the Abyss 5 times.
You visited 1 bazaar.
You visited 4 ziggurats (completing 2), and saw 92 of their levels.
You also visited: Wizlab and Desolation.

You collected 15562 gold pieces.
You spent 5671 gold pieces at shops.

Inventory:

Hand Weapons
 c - the +8 mithril axe "Arga" (weapon) {speed, MR+}
   (You found it on level 12 of a ziggurat)

   Attacks with this weapon are significantly faster.
   It affects your resistance to hostile enchantments.
Missiles
 d - 12 throwing nets (quivered)
Armour
 s - the +1 cloak of Marbles (worn) {Int+4 Slay+2}
   (You found it on level 16 of a ziggurat)

   It affects your intelligence (+4).
   It affects your accuracy and damage with ranged weapons and melee attacks
   (+2).
 w - the +0 pair of gloves "Ojif" (worn) {rC+ Slay+2}
   (You found it on level 16 of a ziggurat)

   It affects your accuracy and damage with ranged weapons and melee attacks
   (+2).
   It protects you from cold.
 C - the +2 pair of boots of the Assassin (worn) {Detection Stab+ Stlth++}
   (You found it on level 11 of the Dungeon)

   It makes you much more stealthy.
 H - the +3 crown of Dyrovepreva (worn) {rElec Int+2 SInv}
   (You found it on level 14 of a ziggurat)

   It affects your intelligence (+2).
   It insulates you from electricity.
   It lets you see invisible.
 L - +12 gold dragon scales (worn)
 O - the +5 pair of gloves of the Beginning {MR+}
   (You found it on level 23 of a ziggurat)

   It affects your resistance to hostile enchantments.
 V - the +2 hat of the Bear Spirit {Spirit, +Rage rN+ MR++}
   (You found it on level 5 of the Vaults)

   It protects you from negative energy.
   It affects your resistance to hostile enchantments.
   It lets you go berserk.
 W - a +8 large shield (worn)
Jewellery
 i - the amulet "Ucuis" (around neck) {+Rage +Fly rF++ rN+ Int+3 Dex-2}
   (You found it in the Desolation of Salt)

   [amulet of rage]

   It affects your intelligence (+3).
   It affects your dexterity (-2).
   It greatly protects you from fire.
   It protects you from negative energy.
   It lets you fly.
   It lets you go berserk.
 n - the amulet "Buejoiv" {Faith rPois Int-3 SInv}
   (You found it on level 16 of a ziggurat)

   [amulet of faith]

   It allows you to gain divine favour quickly.
   It affects your intelligence (-3).
   It protects you from poison.
   It lets you see invisible.
 p - the ring of Zosol (left hand) {rF- MR+ Int+9 Dex+2}
   (You found it on level 11 of a ziggurat)

   [ring of protection from magic]

   It affects your intelligence (+9).
   It affects your dexterity (+2).
   It makes you vulnerable to fire.
   It affects your resistance to hostile enchantments.
 I - the amulet "Eseyrahy" {Faith rN+}
   (You found it on level 15 of a ziggurat)

   [amulet of faith]

   It allows you to gain divine favour quickly.
   It protects you from negative energy.
 K - the ring of Sythautea (right hand) {Wiz rN+ Dex+4}
   (You found it on level 2 of the Realm of Zot)

   [ring of wizardry]

   It improves your spell success rate.
   It affects your dexterity (+4).
   It protects you from negative energy.
 Q - the ring of the Past {rCorr *Contam rF++ MR+++ Int+4}
   (You found it on level 24 of a ziggurat)

   [ring of resist corrosion]

   It affects your intelligence (+4).
   It greatly protects you from fire.
   It affects your resistance to hostile enchantments.
   It causes magical contamination when unequipped.
 T - the ring "Qinnukh" {rN+ Int+5}
   (You found it on level 18 of a ziggurat)

   [ring of intelligence]

   It affects your intelligence (+5).
   It protects you from negative energy.
Wands
 e - a wand of acid (66)
 t - a wand of clouds (5)
 M - a wand of digging (71)
Scrolls
 b - 32 scrolls of amnesia
 h - 64 scrolls of remove curse
 k - 17 scrolls of holy word
 q - 13 scrolls of fear
 r - 2 scrolls of identify
 x - 19 scrolls of immolation
 y - 4 scrolls of summoning
 B - 8 scrolls of silence
 E - 72 scrolls of teleportation
 F - 7 scrolls of blinking
 J - 8 scrolls of vulnerability
 N - 29 scrolls of fog
 R - 13 scrolls of magic mapping
Potions
 g - 3 potions of ambrosia
 j - 31 potions of mutation
 l - 32 potions of curing
 m - 11 potions of resistance
 o - 2 potions of magic
 v - 6 potions of haste
 z - 11 potions of berserk rage
 A - 17 potions of heal wounds
 D - 5 potions of might
 G - 7 potions of lignification
 P - 5 potions of cancellation
 S - a potion of invisibility
 X - 5 potions of brilliance
 Y - 9 potions of agility
Miscellaneous
 U - 26 sacks of spiders
 Z - 29 phantom mirrors
Comestibles
 f - 76 rations


   Skills:
 O Level 27 Fighting
 - Level 24.4(25.0) Axes
   Level 12.2(20.8) Maces & Flails
 - Level 1.7 Throwing
 O Level 27 Armour
 * Level 24.6 Dodging
 O Level 27 Stealth
 O Level 27 Shields
 O Level 27 Spellcasting
 O Level 27 Conjurations
 - Level 21.4 Charms
 - Level 21.2 Necromancy
 O Level 27 Translocations
   Level 6.0 Transmutations
 O Level 27 Fire Magic
 O Level 27 Ice Magic
 - Level 11.4 Air Magic
   Level 5.0 Earth Magic
 O Level 27 Invocations


You couldn't memorise any spells.
You knew the following spells:

 Your Spells              Type           Power        Failure   Level  Hunger
a - Regeneration          Chrm/Necr      ########..   0%          3    None
b - Apportation           Tloc           ######       0%          1    None
c - Glaciate              Conj/Ice       ########..   2%          9    #####..
d - Passage of Golubria   Tloc           N/A          0%          4    None
e - Swiftness             Chrm/Air       #######.     0%          2    None
h - Tornado               Air            #######...   100%        9    #####..
i - Controlled Blink      Tloc           N/A          1%          8    ###....
j - Death's Door          Chrm/Necr      ########..   1%          8    ###....
k - Dispel Undead         Necr           ########     0%          5    None
l - Fire Storm            Conj/Fire      ########..   2%          9    #####..
m - Ignition              Fire           ########..   1%          8    ###....
n - Freezing Cloud        Conj/Ice/Air   ########..   1%          6    None
o - Borgnjor's Revivific  Necr           ########..   1%          8    ###....

Your spell library contained the following spells:

 Spells                   Type           Power        Failure   Level  Hunger
 Animate Skeleton         Necr           N/A          0%          1    None
 Flame Tongue             Conj/Fire      #####        0%          1    None
 Freeze                   Ice            ####         0%          1    None
 Infusion                 Chrm           ####         0%          1    None
 Magic Dart               Conj           ####         0%          1    None
 Pain                     Necr           ####         0%          1    None
 Shock                    Conj/Air       ####         0%          1    None
 Sting                    Conj/Pois      ####         0%          1    None
 Blink                    Tloc           N/A          0%          2    None
 Corpse Rot               Necr           N/A          0%          2    None
 Ensorcelled Hibernation  Hex/Ice        ######       0%          2    None
 Searing Ray              Conj           ######       0%          2    None
 Shroud of Golubria       Chrm/Tloc      ########..   0%          2    None
 Song of Slaying          Chrm           ########     0%          2    None
 Throw Flame              Conj/Fire      ######       0%          2    None
 Throw Frost              Conj/Ice       ######       0%          2    None
 Conjure Flame            Conj/Fire      ########     0%          3    None
 Gell's Gravitas          Tloc           ########..   0%          3    None
 Lesser Beckoning         Tloc           ########..   0%          3    None
 Ozocubu's Armour         Chrm/Ice       ########     0%          3    None
 Static Discharge         Conj/Air       ########     0%          3    None
 Stone Arrow              Conj/Erth      ######       0%          3    None
 Teleport Other           Tloc           ########     0%          3    None
 Vampiric Draining        Necr           ########..   0%          3    None
 Animate Dead             Necr           N/A          0%          4    None
 Force Lance              Conj/Tloc      ########     0%          4    None
 Iskenderun's Mystic Bla  Conj           ########     0%          4    None
 Sticky Flame             Conj/Fire      ########     0%          4    None
 Throw Icicle             Conj/Ice       ########     0%          4    None
 Agony                    Necr           ########     0%          5    None
 Bolt of Draining         Conj/Necr      ########..   0%          5    None
 Excruciating Wounds      Chrm/Necr      ########..   0%          5    None
 Fireball                 Conj/Fire      ########..   0%          5    None
 Iskenderun's Battlesphe  Conj/Chrm      ########     0%          5    None
 Bolt of Cold             Conj/Ice       ########..   0%          6    None
 Bolt of Fire             Conj/Fire      ########..   0%          6    None
 Dispersal                Tloc           ########..   0%          6    None
 Ozocubu's Refrigeration  Ice            ########..   0%          6    None
 Beastly Appendage        Tmut           ######       1%          1    None
 Confusing Touch          Hex            #####.       1%          1    None
 Corona                   Hex            #####..      1%          1    None
 Sandblast                Erth           ######       1%          1    None
 Summon Butterflies       Summ           #####...     1%          1    None
 Summon Small Mammal      Summ           ####         1%          1    None
 Passwall                 Tmut/Erth      ######..     1%          2    None
 Poisonous Vapours        Pois/Air       ######       1%          2    None
 Sticks to Snakes         Tmut           ######..     1%          2    None
 Dazzling Spray           Conj/Hex       ######       1%          3    None
 Ignite Poison            Fire/Tmut/Pois #######.     1%          3    None
 Inner Flame              Hex/Fire       #######.     1%          3    None
 Mephitic Cloud           Conj/Pois/Air  #######.     1%          3    None
 Portal Projectile        Hex/Tloc       ######       1%          3    None
 Recall                   Summ/Tloc      N/A          1%          3    None
 Spectral Weapon          Hex/Chrm       #######.     1%          3    None
 Spider Form              Tmut/Pois      ######....   1%          3    None
 Airstrike                Air            #######...   1%          4    None
 Fulminant Prism          Conj/Hex       #######...   1%          4    None
 Ice Form                 Ice/Tmut       #######.     1%          4    None
 Petrify                  Tmut/Erth      ######..     1%          4    None
 Summon Ice Beast         Ice/Summ       #######.     1%          4    None
 Summon Lightning Spire   Summ/Air       ######..     1%          4    None
 Bolt of Magma            Conj/Fire/Erth ########..   1%          5    None
 Borgnjor's Vile Clutch   Necr/Erth      #######...   1%          5    None
 Irradiate                Conj/Tmut      #######...   1%          5    None
 Lightning Bolt           Conj/Air       ########..   1%          5    None
 Metabolic Englaciation   Hex/Ice        #######...   1%          5    None
 Summon Forest            Summ/Tloc      #######...   1%          5    None
 Venom Bolt               Conj/Pois      #######...   1%          5    None
 Conjure Ball Lightning   Conj/Air       ########..   1%          6    None
 Death Channel            Necr           ########..   1%          6    None
 Deflect Missiles         Chrm/Air       #######...   1%          6    None
 Iron Shot                Conj/Erth      #######...   1%          6    None
 Poison Arrow             Conj/Pois      #######...   1%          6    None
 Simulacrum               Ice/Necr       ########..   1%          6    None
 Orb of Destruction       Conj           ########..   1%          7    None
 Ring of Flames           Chrm/Fire      ########..   1%          7    None
 Disjunction              Tloc           ########..   1%          8    ###....
 Infestation              Necr           ########..   1%          8    ###....
 Call Imp                 Summ           #####...     2%          2    None
 Slow                     Hex            #####...     2%          2    None
 Blade Hands              Tmut           ######....   3%          5    None
 Call Canine Familiar     Summ           #####...     4%          3    None
 Confuse                  Hex            #####...     4%          3    None
 Summon Guardian Golem    Hex/Summ       #####...     4%          3    None
 Tukima's Dance           Hex            #####...     4%          3    None
 Silence                  Hex/Air        ######....   4%          5    None
 Malign Gateway           Summ/Tloc      #######...   4%          7    None
 Spellforged Servitor     Conj/Summ      #######...   4%          7    None
 Chain Lightning          Conj/Air       ########..   4%          8    ###....
 Leda's Liquefaction      Hex/Erth       ######....   5%          4    None
 Lee's Rapid Deconstruct  Erth           ######....   5%          5    None
 Alistair's Intoxication  Tmut/Pois      ######..     12%         5    None
 Yara's Violent Unravell  Hex/Tmut       ######....   12%         5    None
 Lehudib's Crystal Spear  Conj/Erth      #######...   14%         8    ###....
 Cause Fear               Hex            #####.....   16%         4    None
 Olgreb's Toxic Radiance  Pois           #####...     16%         4    None
 Haunt                    Necr/Summ      #######...   16%         7    None
 Hydra Form               Tmut           ######....   19%         6    None
 Necromutation            Tmut/Necr      #######...   34%         8    ###....
 Aura of Abjuration       Summ           #####.....   38%         5    None
 Summon Demon             Summ           #####.....   38%         5    None
 Summon Mana Viper        Hex/Summ       #####...     38%         5    None
 Dragon Form              Tmut           ######....   69%         7    None
 Darkness                 Hex            #####.....   89%         6    None
 Invisibility             Hex            #####...     89%         6    None
 Shadow Creatures         Summ           N/A          89%         6    None
 Monstrous Menagerie      Summ           #####.....   100%        7    None
 Summon Greater Demon     Summ           #####.....   100%        7    None
 Summon Hydra             Summ           #####.....   100%        7    None
 Summon Horrible Things   Summ           #####.....   100%        8    ###....
 Dragon's Call            Summ           #####.....   100%        9    #####..
 Shatter                  Erth           ######....   100%        9    #####..
 Sublimation of Blood     Necr           Unusable     N/A         2    N/A
 Statue Form              Tmut/Erth      Unusable     N/A         6    N/A

Dungeon Overview and Level Annotations

Branches:
Dungeon (15/15)            Temple (0/1) D:6            Lair (6/6) D:9
 Shoals (4/4) Lair:3        Snake (4/4) Lair:2        Slime (5/5) Lair:6
    Orc (2/2) D:12            Elf (3/3) Orc:2        Vaults (5/5) D:14
  Crypt (3/3) Vaults:2       Tomb (3/3) Crypt:3      Depths (5/5) D:15
   Hell (1/1)                 Dis (7/7) Hell            Geh (7/7) Hell
    Coc (7/7) Hell            Tar (7/7) Hell            Zot (5/5) Depths:5

Altars:
Fedhas
Gozag
Kikubaaqudgha
Okawaru
Trog
Uskayaw
Vehumet
Xom
Beogh

Shops:
D:7 :   D:13 [   Orc:2 *((   Elf:1 =   Elf:3 *[   Vaults:1 %   Vaults:2 (
Vaults:4 [   Vaults:5 [!

Portals:
Hell: Depths:1 Depths:2 Depths:3 Depths:4 Depths:5
Abyss: Depths:3 Depths:5
Pandemonium: Depths:1 Depths:3 Depths:5

Annotations:
D:3 exclusion: downstairs
D:6 3 runed doors, jerryfan's ghost, novice DsFi
D:15 3 runed doors, Cilun's ghost, veteran GrGl; Tiuzop's ghost, amateur FoEn
Lair:3 1 runed door, Tuusy's ghost, journeyman MfBe
Shoals:1 2 runed doors, Americanboy's ghost, adept MiFi
Depths:3 exclusion: downstairs
Dis:7 FUCK YOU!, Dispater
Geh:1 exclusion: 3 hellions
Geh:7 exclusions: door and 1 more exclusion


Innate Abilities, Weirdness & Mutations

You are resistant to torment.
Your stone body is resilient. (AC +20)
You are immune to poison.
Your large and strong wings let you fly indefinitely.
You resist negative energy. (rN+)
You are resistant to electric shocks. (rElec)
You can survive without breathing.
You are immune to petrification.
You are immune to rotting.
You have a beak for a mouth.
You are partially covered in slimy green scales. (AC +2)
Scrolls take you a little longer to read.
You are frail. (-10% HP)
You are resistant to hostile enchantments. (MR+)
You expend magic power (3 MP) to strengthen your wands.


Message History

Tha rock shatters inta small pieces.
Ye feel a surge o' power!
Ye now haf 51/54 mp.
MP restored: 54 Tha lindwurm roars!
Tha sev'n-headed hydra roars!
Tha wolf howls!
Press: ? - help, v - describe, . - travel A translucent stone wall. 'tis square be cov'red in magical glow.
Unknown command.
Evoke which item? (* ta show all) (? fer menu, 'sc ta quit) Aimin': Dig
Press: ? - help, Shift-Dir - straight line Diggin' in tha direction won't affect any walls.
A translucent stone wall. 'tis square be cov'red in magical glow.
Diggin' in tha direction won't affect any walls.
Okay, than.
Unknown command.
Thar be a staircase leadin' outta tha dungeon 'ere.
Ye haf 'scaped!

########.......(.#
..[...##8........#
#####.##..###..#.#
#.#...#D#..#.#
#.#8..#s#..#.#
#.....#h#..#.#
##.8..#S#..#.#
##.#...#k#..#.#
##.###.)###..#@#
##.## #8....{.###
##.## #.......#
#.## ##.8.8.## .##
#.....# ## #######
#########
#.......#
#########.#####.#


There were no monsters in sight!

Vanquished Creatures
  Cerebov (Pan)
  Antaeus (Coc:7)
  Asmodeus (Geh:7)
  the Royal Jelly (Slime:5)
  Ereshkigal (Tar:7)
  the Serpent of Hell (Coc:7)
  Gloorx Vloq (Pan)
  A seraph (D:5)
  Lom Lobon (Pan)
  Mnoleg (Pan)
  26 ancient liches
  Tiamat (Zot:4)
  10 orbs of fire
  Mennas (Pan)
  25 juggernauts
  26 greater mummies
  The ghost of Mepagh the Slayer, a legendary KoAK of Lugonu (Zot:4)
  Boris (twice) (Crypt:2 Crypt:3)
  Saint Roka (Elf:2)
  33 shard shrikes
  Xtahua (Crypt:2)
  12 Killer Klowns
  20 caustic shrikes
  The ghost of Erlindor the Conqueror, an adept MiAK of Lugonu (Elf:3)
  Geryon (Hell)
  45 golden dragons
  3 curse toes
  7 profane servitors
  35 bone dragons
  22 pandemonium lords
  58 Tzitzimimeh
  16 doom hounds
  39 Brimstone Fiends
  22 hellephants
  3 electric golems
  35 tentacled monstrosities
  36 iron giants
  34 liches
  The ghost of Phong the Orcish Catastrophe, an adept HOFi of Qazlal (Vaults:2)
  39 Ice Fiends
  16 Hell Sentinels
  23 titans
  A moon troll (WizLab)
  23 Orb Guardians (Zot:5)
  5 deep elf blademasters
  A quicksilver dragon (shapeshifter) (Zig:11)
  16 quicksilver dragons
  13 deep elf master archers
  46 ancient champions
  2 krakens
  36 Executioners
  Frances (D:12)
  47 tentacled starspawn
  52 acid blobs
  14 sphinxes
  Gastronok (Lair:1)
  29 shadow dragons
  6 thorn hunters
  6 death cobs
  13 eldritch tentacles
  21 storm dragons
  A storm dragon (shapeshifter) (Zig:17)
  Kirke (D:15)
  20 revenants
  15 daevas
  23 draconian monks
  6 tengu reavers
  An azure jelly (shapeshifter) (Zig:17)
  Roxanne (D:15)
  A fire giant (shapeshifter) (Zig:17)
  31 azure jellies
  25 draconian knights
  8 deep elf sorcerers
  90 nagarajas
  32 fire giants
  45 frost giants
  3 imperial myrmidons (Desolation)
  13 vault wardens
  A frost giant (shapeshifter) (Zig:17)
  11 iron dragons
  20 emperor scorpions
  26 draconian scorchers
  55 balrugs
  9 corrupters
  15 angels
  Louise (D:15)
  47 orc warlords
  10 warmongers
  A juggernaut zombie (Zig:5)
  24 cacodemons
  38 ghost moths
  21 ghouls
  20 draconian stormcallers
  5 caustic shrike skeletons
  5 caustic shrike zombies
  122 reapers
  10 curse skulls
  7 elemental wellsprings
  7 deep elf elementalists
  24 war gargoyles
  22 draconian annihilators
  2 juggernaut skeletons
  16 draconian shifters
  3 ophanim (Pan)
  2 spriggan defenders
  23 ironheart preservers
  42 very ugly things
  34 entropy weavers
  77 stone giants
  8 bennus
  33 lorocyprocas
  13 blood saints
  An entropy weaver (shapeshifter) (Zig:10)
  21 black draconians
  23 green draconians
  40 vampire knights
  5 black suns
  Nessos (Lair:5)
  2 halazid warlocks (Desolation)
  4 deep elf demonologists
  6 spark wasps
  13 deep elf annihilators
  9 apis
  40 purple draconians
  14 white draconians
  19 red draconians
  21 dire elephants
  19 yellow draconians
  31 eidola
  50 blizzard demons
  22 deep elf death magi
  An ettin (shapeshifter) (Zig:18)
  30 merfolk javelineers
  23 mummy priests
  8 crystal guardians
  47 green deaths
  12 merfolk impalers
  12 quicksilver dragon zombies
  7 ragged hierophants (Desolation)
  156 large abominations
  18 ettins
  9 death oozes
  10 fire dragons
  13 jiangshi
  4 kraken zombies
  16 yaktaur captains
  19 deep elf high priests
  26 great orbs of eyes
  12 monstrous demonspawn
  10 servants of whispers (Desolation)
  65 hydras
  Harold (D:9)
  18 rakshasas
  10 quicksilver dragon skeletons
  5 peacekeepers (Desolation)
  36 merfolk aquamancers
  9 hell beasts
  2 juggernaut simulacra (Pan)
  7 ghost crabs
  30 vault guards
  37 naga warriors
  5 spriggan air magi
  44 ice dragons
  2 alligator snapping turtles (shapeshifter)
  16 centaur warriors
  20 ogre magi
  A queen ant (Lair:2)
  A catoblepas (shapeshifter) (Zig:18)
  9 alligator snapping turtles
  27 anacondas
  10 catoblepae
  56 dancing weapons
  33 two-headed ogres
  6 deep troll shamans
  A queen ant (shapeshifter) (D:15)
  10 merfolk avatars
  7 death knights
  9 alligators
  4 satyrs
  5 tengu warriors
  26 vampire magi
  21 death scarabs
  41 hell hogs
  5 spriggan berserkers
  7 deep troll earth magi
  12 titan zombies
  40 shock serpents
  7 death yaks
  49 orc high priests
  53 naga sharpshooters
  15 storm dragon zombies
  89 sun demons
  56 thrashing horrors
  Urug (D:11)
  75 soul eaters
  11 titan skeletons
  29 deep elf knights
  53 hell knights
  3 iron golems
  18 shadow wraiths
  34 wretched stars
  3 fire crabs (Zig:21)
  13 cherubim
  2 ghost moth zombies
  2 fire crabs (shapeshifter)
  A sea snake (shapeshifter) (Zig:17)
  A deep troll (shapeshifter) (Zig:17)
  17 salamander mystics
  An orange crystal statue (WizLab)
  An iron troll (shapeshifter) (Zig:10)
  33 iron trolls
  250 skeletal warriors
  6 unseen horrors
  40 sixfirhies
  25 death drakes
  A glowing orange brain (shapeshifter) (Zig:17)
  An entropy weaver zombie (Crypt:2)
  12 spatial maelstroms
  11 wizards
  32 naga ritualists
  33 anaconda zombies
  2 quicksilver dragon simulacra
  12 golden dragon zombies
  11 torturous demonspawn (Pan)
  43 flayed ghosts
  A spark wasp zombie (Zig:7)
  25 sea snakes
  19 glowing orange brains
  20 deep trolls
  24 swamp dragons
  11 storm dragon skeletons
  12 infernal demonspawn (Pan)
  A lindwurm (shapeshifter) (Zig:11)
  12 shambling mangroves
  17 spriggan druids
  8 gelid demonspawn
  A lindwurm (Lair:5)
  5 wolf spider zombies
  15 shadow dragon zombies
  29 shadow demons
  22 deep elf archers
  44 harpies
  2 harpies (shapeshifter)
  31 necromancers
  5 tengu zombies
  19 golden dragon skeletons
  An obsidian statue (Elf:3)
  3 sphinx zombies
  32 orc sorcerers
  28 ironbrand convokers
  28 mana vipers
  47 phantasmal warriors
  25 orc knights
  15 anaconda skeletons
  An orb spider (shapeshifter) (Zig:3)
  15 fire giant zombies
  9 iron dragon zombies
  24 wolf spiders
  21 fauns
  15 frost giant zombies
  A salamander (shapeshifter) (Vaults:2)
  11 oklob plants
  34 manticores
  31 orb spiders
  8 stone giant zombies
  19 salamanders
  13 shining eyes
  110 deep elf magi
  73 ugly things
  6 worldbinders
  78 moths of wrath
  4 elephants
  2 cyclopes (shapeshifter)
  A faun (shapeshifter) (Zig:11)
  14 stone giant skeletons
  3 ice statues
  3 sphinx skeletons
  22 frost giant skeletons
  9 shadow dragon skeletons
  27 cyclopes
  A moth of wrath (shapeshifter) (Vaults:5)
  Maurice (D:12)
  47 guardian serpents
  18 fire giant skeletons
  62 naga magi
  73 smoke demons
  10 iron dragon skeletons
  17 merfolk sirens
  8 apocalypse crabs
  138 black mambas
  6 shock serpent zombies
  A toenail golem (Zig:15)
  4 guardian serpents (shapeshifter)
  57 rust devils
  Joseph (D:9)
  5 molten gargoyles
  21 vault sentinels
  22 water nymphs
  14 dire elephant zombies
  15 eyes of devastation
  A water nymph (shapeshifter) (Zig:17)
  2 titan simulacra (Coc:7)
  2 torpor snails (shapeshifter)
  An eye of devastation (shapeshifter) (Zig:17)
  40 spiny frogs
  6 human zombies
  32 orange demons
  An elephant slug zombie (Crypt:2)
  4 storm dragon simulacra
  2 catoblepas zombies
  A gargoyle (D:15)
  33 torpor snails
  4 emperor scorpion zombies
  23 komodo dragons
  A komodo dragon (shapeshifter) (Zig:18)
  2 rime drakes (shapeshifter)
  20 efreet
  A green draconian zombie (Crypt:1)
  3 shock serpent skeletons
  15 dire elephant skeletons
  3 kobold demonologists
  10 elf skeletons
  52 hellions
  20 rime drakes
  A yaktaur (shapeshifter) (Depths:2)
  102 freezing wraiths
  60 yaktaurs
  78 ice devils
  106 tormentors
  A catoblepas skeleton (Geh:5)
  42 demonic crawlers
  65 red devils
  8 tengu conjurers
  31 ancient zymes
  2 anaconda simulacra
  48 guardian mummies
  2 yaktaur skeletons
  25 hellwings
  31 trolls
  9 silent spectres
  8 polar bears
  A merfolk (shapeshifter) (Zig:17)
  35 hydra zombies
  3 meliai (D:15)
  A jumping spider (shapeshifter) (Zig:17)
  75 merfolk
  A red draconian skeleton (Coc:2)
  9 fire dragon zombies
  43 hornets
  A troll (shapeshifter) (Elf:2)
  9 harpy zombies
  A queen bee (shapeshifter) (Zig:17)
  14 wind drakes
  A polar bear (shapeshifter) (Depths:1)
  33 blink frogs
  21 jumping spiders
  2 meliai (shapeshifter)
  5 tyrant leeches
  10 ice dragon zombies
  Prince Ribbit (D:9)
  103 slime creatures
  A moth of wrath zombie (Crypt:2)
  11 bog bodies
  A raiju (shapeshifter) (Abyss:2)
  Grinder (D:4)
  69 raiju
  57 saltlings (Desolation)
  17 hydra skeletons
  2 harpy skeletons
  2 fire giant simulacra
  2 human simulacra
  A stone giant simulacrum (Coc:5)
  2 dream sheep (shapeshifter)
  27 dream sheep
  79 small abominations
  An iron dragon simulacrum (Coc:7)
  A shadow dragon simulacrum (Coc:2)
  13 ettin zombies
  24 hippogriffs
  A snapping turtle (shapeshifter) (Vaults:4)
  A frost giant simulacrum (Coc:3)
  22 snapping turtles
  12 alligator zombies
  8 fire dragon skeletons
  8 air elementals
  6 spriggan skeletons
  285 flying skulls
  179 starcursed masses
  11 ettin skeletons
  13 ice dragon skeletons
  18 spriggans
  A black mamba zombie (Coc:1)
  51 wraiths
  69 ynoxinuls
  65 water elementals
  14 fire bats
  A tarantella (shapeshifter) (Abyss:1)
  34 redbacks
  28 tarantellas
  18 ushabtiu
  61 shadows
  8 wyverns
  2 black mamba skeletons
  6 vampires
  2 dire elephant simulacra
  A hog (D:15)
  8 alligator skeletons
  7 basilisks
  65 neqoxecs
  51 yaks
  17 golden eyes
  2 basilisks (shapeshifter)
  41 fire elementals
  3 hogs (shapeshifter)
  16 hungry ghosts
  9 vampire mosquitoes
  5 steam dragons
  66 chaos spawn
  Menkaure (D:4)
  A yaktaur simulacrum (Vaults:2)
  2 merfolk zombies
  24 spatial vortices
  22 wargs
  11 insubstantial wisps
  5 acid dragons (Zig:9)
  77 nagas
  45 water moccasins
  A faun zombie (Crypt:2)
  16 soldier ants
  A deep troll zombie (Crypt:1)
  A gelid demonspawn skeleton (Geh:5)
  2 merfolk skeletons
  16 spiny frog zombies
  5 hydra simulacra
  A torturous demonspawn zombie (Tar:1)
  A water moccasin (shapeshifter) (Abyss:2)
  8 porcupines
  119 hell hounds
  30 ice beasts
  6 swamp drakes
  4 floating eyes
  113 orc warriors
  9 spiny frog skeletons
  5 swamp dragon zombies
  9 snapping turtle zombies
  A deep troll skeleton (Vaults:4)
  4 sky beasts
  3 black bears
  7 ettin simulacra
  A fire dragon simulacrum (Tomb:3)
  47 necrophages
  23 phantoms
  An alligator simulacrum (Coc:1)
  An ice dragon simulacrum (Hell)
  A black mamba simulacrum (Abyss:1)
  16 eyes of draining
  6 snapping turtle skeletons
  79 ogres
  20 boggarts
  6 human skeletons
  2 swamp dragon skeletons
  24 centaurs
  4 manticore zombies
  40 wolves
  4 manticore skeletons
  A hog skeleton (Crypt:2)
  7 big kobolds
  39 crocodiles
  A crocodile (shapeshifter) (Vaults:5)
  17 bullfrogs
  12 elf zombies
  15 earth elementals
  2 spiny frog simulacra
  2 gnoll sergeants (D:12)
  A glowing shapeshifter simulacrum (Zig:22)
  A wyvern skeleton (D:14)
  3 scorpions
  6 spriggan zombies
  3 elf simulacra
  18 killer bees
  2 snapping turtle simulacra
  4 tengu skeletons
  A troll skeleton (Tomb:3)
  158 wights
  An electric eel (Lair:1)
  3 jellies
  21 crimson imps
  2 bullfrog zombies
  3 howler monkeys
  5 centaur zombies
  2 hounds
  11 quasits
  2 gnoll shamans
  46 orc priests
  4 bullfrog skeletons
  7 centaur skeletons
  43 iron imps
  46 orc wizards
  Ijyb (D:4)
  Natasha (thrice) (D:4)
  7 iguanas
  3 lightning spires
  34 worker ants
  A felid zombie (Crypt:2)
  A crocodile skeleton (Crypt:1)
  2 naga zombies
  An ogre skeleton (Geh:5)
  2 hound skeletons
  70 mummies
  10 gnolls
  A howler monkey skeleton (Crypt:1)
  10 adders
  34 shadow imps
  A steam dragon skeleton (Crypt:1)
  58 white imps
  5 ufetubi
  2 oozes
  3 adder skeletons
  A halfling skeleton (Crypt:2)
  4 worms
  8 ball lightnings (Pan)
  A dart slug (shapeshifter) (Depths:3)
  2 dart slugs (D:1)
  2 leopard geckos
  82 orcs
  4 giant cockroaches
  15 goblins
  6 hobgoblins
  2 jackals (D:7)
  24 kobolds
  5 quokkas
  2 ball pythons
  7 bats
  A dart slug zombie (Crypt:2)
  5 frilled lizards (D:1)
  A hobgoblin skeleton (Crypt:1)
  A jackal skeleton (D:4)
  2 kobold zombies
  3 orc zombies
  9 rats
  A briar patch (Zig:18)
  9 crawling corpses
  A lurking horror (Abyss:2)
  11 plants
  56 starspawn tentacles
  13 tentacles
10677 creatures vanquished.

Vanquished Creatures (others)
  A pandemonium lord (Zig:11)
  An ancient champion (Tomb:2)
  A storm dragon (Zot:3)
  A revenant (Tomb:2)
  A draconian knight (Zot:5)
  3 very ugly things (Depths:3)
  An elemental wellspring (Coc:3)
  A blood saint (Zig:14)
  An entropy weaver (Zig:21)
  A deep elf annihilator (Elf:3)
  A blizzard demon (Zig:22)
  A mummy priest (Tomb:2)
  3 green deaths (Zig:18)
  A two-headed ogre (D:10)
  A dancing weapon (Zig:17)
  An alligator (Zig:18)
  2 death scarabs (Tomb:3)
  A deep troll shaman (Depths:3)
  A hell hog (Geh:5)
  An orc high priest (Orc:2)
  A sun demon (Pan)
  A spriggan (Zig:18)
  A deep troll (Depths:3)
  A shadow demon (Tar:2)
  An anaconda skeleton (Tomb:2)
  2 shambling mangroves (Zig:18)
  2 necromancers (Depths:3)
  3 deep elf magi
  5 ugly things (Depths:3)
  An ice statue (Pan)
  A naga mage (Snake:4)
  An efreet (Depths:3)
  An emperor scorpion zombie (Geh:1)
  A guardian mummy (Tomb:2)
  3 hornets
  An ice dragon zombie (Tomb:2)
  A bog body (Zig:18)
  A blink frog (Abyss:4)
  15 flying skulls
  A ynoxinul (Pan)
  A shadow (Abyss:1)
  A fire elemental (Hell)
  A human (D:15)
  2 chaos spawn
  A neqoxec (Pan)
  A naga (Snake:4)
  2 swamp drakes (Zig:18)
  An orc warrior (Zig:16)
  2 boggarts (Depths:3)
  A swamp dragon skeleton (Tomb:2)
  2 wights
  A bullfrog skeleton (D:10)
  An orc priest (Zig:16)
  An orc wizard (Orc:2)
  5 mummies (Tomb:2)
  2 white imps
  5 ball lightnings (Pan)
  7 briar patches (Zig:18)
  A crawling corpse (Elf:3)
  A demonic plant (Pan)
  14 fire vortices
  24 fungi
  A lurking horror (Abyss:4)
  22 plants
  85 starspawn tentacles
  23 tentacles
  6 withered plants (D:15)
283 creatures vanquished.

Grand Total: 10960 creatures vanquished

Notes
Turn   | Place    | Note
-------+----------+-------------------------------------------
     0 | D:1      | Rhok the Gargoyle Gladiator began the quest for the Orb.
     0 | D:1      | Reached XP level 1. HP: 12/12 MP: 1/1
     6 | D:1      | Noticed a seven-headed hydra
     6 | D:1      | Noticed a wolf
     6 | D:1      | Noticed a black mamba
     6 | D:1      | Noticed a lindwurm
   122 | D:1      | Reached XP level 2. HP: 15/18 MP: 2/2
   635 | D:1      | Reached XP level 3. HP: 20/22 MP: 3/3
  1109 | D:2      | Reached XP level 4. HP: 26/28 MP: 4/4
  1652 | D:2      | Reached XP level 5. HP: 28/32 MP: 5/5
  1828 | D:3      | Reached skill level 5 in Maces & Flails
  2880 | D:4      | Reached XP level 6. HP: 37/38 MP: 6/6
  2887 | D:4      | Noticed Natasha
  2901 | D:4      | Killed Natasha
  2984 | D:4      | Noticed a phantom
  3046 | D:4      | Killed a phantom
  3274 | D:4      | Noticed Ijyb
  3304 | D:4      | Noticed Natasha
  3365 | D:4      | Killed Ijyb
  3365 | D:4      | Reached XP level 7. HP: 39/44 MP: 7/7
  3456 | D:4      | Killed Natasha
  3697 | D:4      | Noticed Natasha
  3700 | D:4      | Killed Natasha
  3700 | D:4      | Reached skill level 5 in Fighting
  4123 | D:4      | Noticed Menkaure
  4192 | D:5      | Entered Level 5 of the Dungeon
  4250 | D:4      | Found a hide-covered altar of Uskayaw.
  4293 | D:4      | Became a worshipper of Uskayaw the Reveler
  4301 | D:4      | Reached * piety under Uskayaw
  4302 | D:4      | Reached ** piety under Uskayaw
  4303 | D:4      | Killed Menkaure
  4407 | D:4      | Noticed Grinder
  4417 | D:4      | Paralysed by Grinder for 4 turns
  4432 | D:4      | Reached *** piety under Uskayaw
  4435 | D:4      | Killed Grinder
  4435 | D:4      | Reached XP level 8. HP: 41/51 MP: 8/8
  5805 | D:6      | Noticed a yak
  5805 | D:6      | Noticed a yak
  5814 | D:6      | Noticed a yak
  5819 | D:6      | Noticed a yak
  5823 | D:6      | Reached **** piety under Uskayaw
  5824 | D:6      | Killed a yak
  5824 | D:6      | Reached skill level 10 in Maces & Flails
  5826 | D:6      | Reached ***** piety under Uskayaw
  5829 | D:6      | Killed a yak
  5829 | D:6      | Reached XP level 9. HP: 50/55 MP: 7/9
  5830 | D:6      | Reached ****** piety under Uskayaw
  6037 | D:6      | Found a staircase to the Ecumenical Temple.
  6105 | D:6      | Found a runed gate.
  6106 | D:6      | Found a runed gate.
  6107 | D:6      | Found a runed gate.
  6107 | D:6      | Noticed jerryfan's ghost (novice DsFi)
  6716 | D:7      | Found Kojifoll's Book Emporium.
  7218 | D:8      | Noticed a two-headed ogre
  7223 | D:8      | Killed a two-headed ogre
  7425 | D:8      | Reached XP level 10. HP: 63/63 MP: 10/10
  7506 | D:8      | Got an iridescent whip
  7507 | D:8      | Identified the +1 whip of Disgust {speed, rC+ MR+ Stlth+}
                  | (You found it on level 8 of the Dungeon)
  7547 | D:8      | Reached skill level 1 in Invocations
  7610 | D:8      | Reached skill level 1 in Armour
  7610 | D:8      | Reached skill level 1 in Shields
  8456 | D:9      | Noticed Joseph
  8484 | D:9      | Killed Joseph
  8712 | D:9      | Noticed a two-headed ogre
  8829 | D:9      | Noticed Prince Ribbit
  8857 | D:9      | Killed Prince Ribbit
  8897 | D:9      | Killed a two-headed ogre
  8897 | D:9      | Reached skill level 5 in Armour
  8897 | D:9      | Reached XP level 11. HP: 47/68 MP: 3/13
  9010 | D:9      | Noticed Harold
  9079 | D:9      | Found a staircase to the Lair.
  9589 | D:9      | Killed Harold
  9589 | D:9      | Reached skill level 5 in Invocations
  9703 | Lair:1   | Entered Level 1 of the Lair of Beasts
  9818 | Lair:1   | Noticed Gastronok
  9852 | Lair:1   | Killed Gastronok
 10994 | Lair:2   | Reached skill level 5 in Dodging
 11787 | Lair:2   | Found a staircase to the Snake Pit.
 11814 | Lair:2   | Reached XP level 12. HP: 76/76 MP: 16/16
 12744 | Lair:3   | Noticed an eight-headed hydra
 12797 | Lair:3   | Killed an eight-headed hydra
 13131 | Lair:3   | Reached skill level 5 in Shields
 13279 | Lair:3   | Reached skill level 10 in Fighting
 13460 | Lair:3   | Noticed a queen ant
 13682 | Lair:2   | Killed a queen ant
 14225 | Lair:3   | Found a runed door.
 14225 | Lair:3   | Found a shimmering altar of Xom.
 14225 | Lair:3   | Noticed Tuusy's ghost (journeyman MfBe)
 14931 | Lair:4   | Noticed a death yak
 14949 | Lair:4   | Noticed a death yak
 14949 | Lair:4   | Noticed a death yak
 14985 | Lair:4   | Killed a death yak
 14985 | Lair:4   | Reached XP level 13. HP: 48/84 MP: 10/19
 15693 | Lair:4   | Learned a level 2 spell: Passwall
 16062 | Lair:5   | Found a labyrinth entrance.
 16475 | Lair:5   | Noticed Nessos
 16483 | Lair:5   | Killed Nessos
 16718 | Lair:5   | Reached skill level 10 in Shields
 18097 | Lair:6   | Entered Level 6 of the Lair of Beasts
 18793 | Lair:6   | Gained mutation: Your large and strong wings let you fly
                  | indefinitely. [Gargoyle growth]
 18793 | Lair:6   | Reached XP level 14. HP: 86/94 MP: 20/20
 18856 | Lair:6   | Found a staircase to the Slime Pits.
 21147 | D:10     | Entered Level 10 of the Dungeon
 21850 | D:10     | Reached skill level 10 in Armour
 22335 | D:11     | Found a transporter.
 22476 | D:11     | Noticed Urug
 22550 | D:11     | Killed Urug
 22596 | D:11     | Found the +2 pair of boots of the Assassin {Detection Stab+
                  | Stlth++}
 22596 | D:11     | Found a transporter.
 23286 | D:12     | Found a transporter.
 23397 | D:12     | Noticed Frances
 23649 | D:12     | Found a staircase to the Orcish Mines.
 23928 | D:12     | Noticed Maurice
 24365 | Orc:1    | Entered Level 1 of the Orcish Mines
 24733 | Orc:2    | Entered Level 2 of the Orcish Mines
 24738 | Orc:2    | Noticed Sonja
 24961 | Orc:1    | Reached skill level 1 in Axes
 25074 | Orc:2    | Noticed Sonja
 25074 | Orc:2    | Sonja changed into Sonja the eye of draining
 25095 | Orc:1    | Killed Sonja the eye of draining
 25149 | Orc:2    | Reached XP level 15. HP: 93/101 MP: 11/21
 25843 | Orc:1    | Reached skill level 15 in Fighting
 26383 | Orc:2    | Found Nusesh's Weapon Shoppe.
 26383 | Orc:2    | Found Hoebu's Food Emporium.
 26499 | Orc:2    | Found Kiuheag's General Store.
 26499 | Orc:2    | Found Ehokibar's Weapon Shoppe.
 26507 | Orc:2    | Bought a scroll of teleportation for 42 gold pieces
 26507 | Orc:2    | Bought a potion of might for 56 gold pieces
 26704 | Orc:2    | Found a roughly hewn altar of Beogh.
 27015 | Orc:1    | Noticed an orc warlord
 27053 | Orc:1    | Killed an orc warlord
 27056 | Orc:1    | Reached skill level 5 in Axes
 27495 | Orc:1    | Found a roughly hewn altar of Beogh.
 27779 | Orc:1    | Found a bloodstained altar of Trog.
 28018 | Orc:2    | Found a staircase to the Elven Halls.
 28282 | Lair:3   | Found a staircase to the Shoals.
 28326 | Snake:1  | Entered Level 1 of the Snake Pit
 30678 | Snake:2  | Reached skill level 10 in Axes
 30680 | Snake:2  | Reached XP level 16. HP: 54/108 MP: 4/22
 31302 | Snake:2  | Found a transporter.
 31386 | Snake:2  | Found a radiant altar of Vehumet.
 32175 | Snake:2  | Noticed a nagaraja
 32183 | Snake:2  | Killed a nagaraja
 32192 | Snake:2  | Got a brightly glowing marble ring
 32201 | Snake:2  | Noticed a nagaraja
 32201 | Snake:2  | Noticed a nagaraja
 32201 | Snake:2  | Noticed a nagaraja
 32234 | Snake:2  | Noticed a nagaraja
 32423 | Snake:2  | Killed a nagaraja
 32429 | Snake:2  | Killed a nagaraja
 32430 | Snake:2  | Killed a nagaraja
 32659 | Snake:2  | Identified a scroll of acquirement
 32661 | Snake:2  | Got a shimmering broad axe
 32662 | Snake:2  | Identified the +11 broad axe of Fepioxe {drain, rElec rC+}
                  | (You acquired it on level 2 of the Snake Pit)
 32672 | Snake:2  | Identified the ring "Piaxes" {rF+ EV+5} (You found it on
                  | level 2 of the Snake Pit)
 33192 | Snake:3  | Reached skill level 15 in Shields
 33192 | Snake:3  | Reached XP level 17. HP: 113/113 MP: 23/23
 33626 | Snake:4  | Entered Level 4 of the Snake Pit
 34392 | Snake:4  | Got a serpentine rune of Zot
 35174 | Snake:4  | Reached skill level 15 in Axes
 35401 | Shoals:1 | Entered Level 1 of the Shoals
 35488 | Shoals:1 | Reached XP level 18. HP: 108/119 MP: 21/24
 35889 | Shoals:1 | Found a large runed door.
 35889 | Shoals:1 | Found a large runed door.
 35891 | Shoals:1 | Noticed Americanboy's ghost (adept MiFi)
 35893 | Shoals:1 | Found the +7 lajatang of Order {silver, rMut}
 37967 | Shoals:4 | Entered Level 4 of the Shoals
 38286 | Shoals:4 | Got a barnacled rune of Zot
 38447 | Shoals:4 | Reached XP level 19. HP: 124/124 MP: 25/25
 39219 | D:12     | Killed Frances
 39305 | D:12     | Got a pair of transparent boots
 39306 | D:12     | Identified the +1 pair of boots of the Gardener {+Blink}
                  | (You found it on level 12 of the Dungeon)
 39752 | D:13     | Found Damoi's Antique Armour Shoppe.
 39766 | D:13     | Bought a runed plate armour for 676 gold pieces
 40587 | D:14     | Found a gate to the Vaults.
 40833 | D:15     | Entered Level 15 of the Dungeon
 41351 | D:15     | Found a runed gate.
 41351 | D:15     | Found a runed gate.
 41352 | D:15     | Found a runed gate.
 41353 | D:15     | Noticed Cilun's ghost (veteran GrGl)
 41354 | D:15     | Noticed Tiuzop's ghost (amateur FoEn)
 41480 | D:15     | Noticed Roxanne
 41511 | D:15     | Killed Roxanne
 41517 | D:15     | Learned a level 1 spell: Apportation
 41570 | D:15     | Noticed Kirke
 41595 | D:15     | Killed Kirke
 41774 | D:15     | Found a staircase to the Depths.
 41936 | D:15     | Found a blossoming altar of Fedhas.
 42105 | D:15     | Noticed Louise
 42121 | D:15     | Killed Louise
 42211 | Vaults:1 | Entered Level 1 of the Vaults
 42211 | Vaults:1 | Found a shimmering altar of Xom.
 42619 | Vaults:1 | Found Conkig's Food Shop.
 43338 | Vaults:2 | Reached XP level 20. HP: 134/134 MP: 26/26
 43362 | Vaults:2 | Found a runed gate.
 43362 | Vaults:2 | Found a runed gate.
 43362 | Vaults:2 | Found a runed gate.
 43370 | Vaults:2 | Noticed Phong's ghost (adept HOFi)
 44148 | Vaults:2 | Found Gotiacekk's Weapon Emporium.
 44387 | Vaults:2 | Found a staircase to the Crypt.
 44437 | Vaults:2 | Found a roughly hewn altar of Beogh.
 44465 | Vaults:2 | Killed Phong's ghost
 44489 | Vaults:2 | Got a scintillating copper amulet
 44490 | Vaults:2 | Identified the amulet of Kuresm {Spirit rF+} (You found it
                  | on level 2 of the Vaults)
 45146 | Vaults:3 | Paralysed by a wizard for 3 turns
 45797 | Vaults:3 | Reached XP level 21. HP: 97/147 MP: 17/27
 46615 | Vaults:4 | Found Lualunt's Armour Shop.
 46938 | Vaults:4 | Paralysed by a great orb of eyes for 5 turns
 47870 | Vaults:4 | Paralysed by a sphinx for 3 turns
 48405 | Depths:1 | Entered Level 1 of the Depths
 48481 | Depths:1 | Found a gateway to Hell.
 48505 | Depths:1 | Found a one-way gate leading to the halls of Pandemonium.
 48882 | Depths:1 | Reached XP level 22. HP: 151/156 MP: 26/28
 50036 | Depths:2 | Found a flickering gateway to a bazaar.
 50041 | Bazaar   | Entered a bazaar
 50041 | Bazaar   | Found Leoqyhi's Gadget Boutique.
 50041 | Bazaar   | Found Baaqaz's General Store.
 50070 | Bazaar   | Found Baun's Magic Scroll Shop.
 50078 | Bazaar   | Found Vidacoz's Antique Armour Shop.
 50094 | Bazaar   | Bought a scroll of fear for 21 gold pieces
 50094 | Bazaar   | Bought a scroll of enchant armour for 45 gold pieces
 50094 | Bazaar   | Bought a scroll of enchant armour for 45 gold pieces
 50094 | Bazaar   | Bought a scroll of fear for 21 gold pieces
 50094 | Bazaar   | Bought a scroll of teleportation for 18 gold pieces
 50116 | Bazaar   | Bought a wand of digging (15) for 684 gold pieces
 50116 | Bazaar   | Bought a wand of digging (16) for 720 gold pieces
 50124 | Bazaar   | Bought a potion of haste for 180 gold pieces
 50124 | Bazaar   | Bought a potion of haste for 180 gold pieces
 50124 | Bazaar   | Bought a potion of heal wounds for 90 gold pieces
 50165 | Bazaar   | Found Cuphuv's Antique Weapon Emporium.
 50837 | Depths:2 | Identified the Papyrus of Creation and Sinister Rites
 50907 | Depths:2 | Learned a level 3 spell: Regeneration
 50930 | Depths:2 | Noticed a caustic shrike
 50931 | Depths:2 | Noticed a golden dragon
 50937 | Depths:2 | Killed a caustic shrike
 50980 | Depths:2 | Noticed a caustic shrike
 50980 | Depths:2 | Noticed a caustic shrike
 50986 | Depths:2 | Killed a golden dragon
 50986 | Depths:2 | Reached skill level 10 in Dodging
 50993 | Depths:2 | Killed a caustic shrike
 51009 | Depths:2 | Killed a caustic shrike
 51015 | Depths:2 | Killed a ghostly caustic shrike
 51096 | Depths:2 | Identified Zosur's Catalogue of Supportive Transmigration
 51104 | Depths:2 | Identified the +1 chain mail of Syal Deddo {+Fly Str+4}
                  | (You found it on level 2 of the Depths)
 51430 | Depths:3 | Found a one-way gate to the infinite horrors of the Abyss.
 51616 | Depths:3 | Reached skill level 15 in Armour
 51908 | Depths:3 | Got a faintly humming shield
 51950 | Depths:3 | Identified the cursed +0 shield of the Endless Expanse
                  | {rPois SInv} (You found it on level 3 of the Depths)
 52010 | Depths:3 | Reached XP level 23. HP: 153/162 MP: 29/29
 52613 | Depths:3 | Found a gateway to a ziggurat.
 53221 | Depths:4 | Found an iron altar of Okawaru.
 53311 | Depths:4 | Identified the +4 pair of boots of Kikubaaqudgha's Wrath
                  | {rC+ rCorr} (You acquired it on level 4 of the Depths)
 53814 | Depths:5 | Entered Level 5 of the Depths
 53916 | Depths:5 | Found a gate to the Realm of Zot.
 53916 | Depths:5 | Noticed a golden dragon
 53923 | Depths:5 | Killed a golden dragon
 54047 | Depths:5 | Noticed a juggernaut
 54056 | Depths:5 | Killed a juggernaut
 54056 | Depths:5 | Reached skill level 10 in Invocations
 54383 | Depths:5 | Reached XP level 24. HP: 168/168 MP: 31/31
 55542 | Slime:1  | Entered Level 1 of the Pits of Slime
 55710 | Slime:1  | Gained mutation: You tend to lose your temper in combat. [a
                  | shining eye]
 56226 | Slime:3  | Gained mutation: Armour fits poorly on your strangely
                  | shaped body. [a shining eye]
 56294 | Slime:5  | Entered Level 5 of the Pits of Slime
 56427 | Slime:5  | Noticed the Royal Jelly
 56445 | Slime:5  | Killed the Royal Jelly
 56445 | Slime:5  | Reached skill level 15 in Invocations
 56697 | Slime:5  | Got a crude golden ring
 56699 | Slime:5  | Identified the ring of Doubts {+Inv rF+ Int+2 Dex+4} (You
                  | found it on level 5 of the Pits of Slime)
 56731 | Slime:5  | Found the +9 sword of Zonguldrok {reap}
 56791 | Slime:5  | Got a slimy rune of Zot
 57278 | Vaults:5 | Entered Level 5 of the Vaults
 57483 | Vaults:5 | Reached XP level 25. HP: 167/173 MP: 34/35
 57490 | Vaults:5 | Found the +2 hat of the Bear Spirit {Spirit, +Rage rN+
                  | MR++}
 57530 | Vaults:5 | Got a silver rune of Zot
 58124 | Zig:1    | Entered Level 1 of a ziggurat
 58148 | Zig:2    | Entered Level 2 of a ziggurat
 58248 | Zig:2    | Identified the ring "Inaj" {Ice rPois Dex+5 SInv} (You
                  | found it on level 2 of a ziggurat)
 58250 | Zig:3    | Entered Level 3 of a ziggurat
 58272 | Zig:4    | Entered Level 4 of a ziggurat
 58432 | Zig:4    | Identified the +10 plate armour of Untruth {rF- rN+ Int+4}
                  | (You found it on level 4 of a ziggurat)
 58438 | Zig:5    | Entered Level 5 of a ziggurat
 58509 | Zig:6    | Entered Level 6 of a ziggurat
 58562 | Zig:6    | Identified the Volume of the Dislocated Entourage
 58578 | Zig:7    | Entered Level 7 of a ziggurat
 58630 | Zig:7    | Got a heavily runed silver ring
 58632 | Zig:7    | Identified the ring of Activism {rCorr rN+ Slay+2} (You
                  | found it on level 7 of a ziggurat)
 58666 | Zig:8    | Entered Level 8 of a ziggurat
 58734 | Zig:8    | Learned a level 4 spell: Passage of Golubria
 58737 | Zig:8    | Learned a level 2 spell: Swiftness
 58755 | Zig:9    | Entered Level 9 of a ziggurat
 58973 | Zig:10   | Entered Level 10 of a ziggurat
 58978 | Zig:10   | Noticed a Killer Klown
 58981 | Zig:10   | Noticed a Killer Klown
 58982 | Zig:10   | Noticed a Killer Klown
 58983 | Zig:10   | Noticed a Killer Klown
 58988 | Zig:10   | Killed a Killer Klown
 58990 | Zig:10   | Killed a Killer Klown
 59001 | Zig:10   | Killed a Killer Klown
 59016 | Zig:10   | Killed a Killer Klown
 59129 | Zig:11   | Entered Level 11 of a ziggurat
 59133 | Zig:11   | Noticed Wuarch the pandemonium lord
 59133 | Zig:11   | Noticed a Killer Klown
 59142 | Zig:11   | Killed Wuarch the pandemonium lord
 59148 | Zig:11   | Noticed Cootirees the pandemonium lord
 59149 | Zig:11   | Killed a Killer Klown
 59151 | Zig:11   | Noticed Pefriu the pandemonium lord
 59157 | Zig:11   | Killed Pefriu the pandemonium lord
 59160 | Zig:11   | Killed Cootirees the pandemonium lord
 59194 | Zig:11   | Got a glittering ivory ring
 59196 | Zig:11   | Identified the ring of Toacys {rC+ MR+ Str+2 Dex+3 Stlth+}
                  | (You found it on level 11 of a ziggurat)
 59286 | Zig:12   | Entered Level 12 of a ziggurat
 59309 | Zig:12   | Reached XP level 26. HP: 171/179 MP: 30/37
 59311 | Zig:12   | Found the amulet of the Air {Inacc +Fly rElec EV+5 RMsl}
 59381 | Zig:12   | Reached XP level 27. HP: 184/184 MP: 37/37
 59392 | Zig:12   | Identified the Papyrus of Igneous Dark Arts
 59404 | Zig:13   | Entered Level 13 of a ziggurat
 59514 | Zig:14   | Entered Level 14 of a ziggurat
 59807 | Zig:14   | Found the +3 crown of Dyrovepreva {rElec Int+2 SInv}
 59822 | Zig:14   | Got a steaming platinum ring
 59823 | Zig:14   | Identified the ring of Keung {Ice +Blink MP-9 Int+3} (You
                  | found it on level 14 of a ziggurat)
 59871 | Zig:15   | Entered Level 15 of a ziggurat
 60025 | Zig:15   | Got a bound ruby amulet
 60026 | Zig:15   | Identified the amulet "Eseyrahy" {Faith rN+} (You found it
                  | on level 15 of a ziggurat)
 60048 | Zig:15   | Got an ancient diamond amulet
 60049 | Zig:15   | Identified the amulet "Foitonug" {RegenMP *Corrode rN+
                  | Str+4} (You found it on level 15 of a ziggurat)
 60168 | Zig:16   | Entered Level 16 of a ziggurat
 60288 | Zig:16   | Identified the +1 cloak of Marbles {Int+4 Slay+2} (You
                  | found it on level 16 of a ziggurat)
 60294 | Zig:16   | Got a wavering turquoise ring
 60296 | Zig:16   | Identified the ring of Otunishri {Str+5 SInv} (You found it
                  | on level 16 of a ziggurat)
 60310 | Zig:16   | Got a pair of spiked gloves
 60321 | Zig:16   | Identified the +0 pair of gloves "Ojif" {rC+ Slay+2} (You
                  | found it on level 16 of a ziggurat)
 60337 | Zig:17   | Entered Level 17 of a ziggurat
 60621 | Zig:18   | Entered Level 18 of a ziggurat
 60666 | Zig:18   | Found the +8 autumn katana {slice, Clar}
 61547 | Vaults:5 | Got a wavering jade ring
 61805 | Vaults:5 | Found Cytaod's Antique Armour Boutique.
 61810 | Vaults:5 | Identified the Grimoire of Unstable Moulding
 61815 | Vaults:5 | Bought a warped helmet for 294 gold pieces
 61825 | Vaults:5 | Identified the +1 helmet of Woxed {-Cast rC+ Str+7 Int+3}
                  | (You bought it in a shop on level 5 of the Vaults)
 61847 | Vaults:5 | Noticed an ancient lich
 61858 | Vaults:5 | Killed an ancient lich
 61982 | Vaults:5 | Found Ceinwes's Distillery.
 61989 | Vaults:5 | Bought a potion of invisibility for 88 gold pieces
 61989 | Vaults:5 | Bought a potion of haste for 110 gold pieces
 61989 | Vaults:5 | Bought a potion of heal wounds for 55 gold pieces
 61989 | Vaults:5 | Bought a potion of haste for 110 gold pieces
 61989 | Vaults:5 | Bought a potion of heal wounds for 55 gold pieces
 61989 | Vaults:5 | Bought a potion of heal wounds for 55 gold pieces
 61989 | Vaults:5 | Bought a potion of curing for 33 gold pieces
 61989 | Vaults:5 | Bought a potion of agility for 44 gold pieces
 62653 | Vaults:5 | Identified the ring of Oginnu {rPois rN+ Str+3 Int+2} (You
                  | took it off a fire giant on level 5 of the Vaults)
 62784 | Crypt:1  | Entered Level 1 of the Crypt
 63518 | Crypt:1  | Lost mutation: Armour fits poorly on your strangely shaped
                  | body. [potion of mutation]
 63518 | Crypt:1  | Lost mutation: You tend to lose your temper in combat.
                  | [potion of mutation]
 63518 | Crypt:1  | Gained mutation: You have sharp toenails. [potion of
                  | mutation]
 63518 | Crypt:1  | Gained mutation: You are robust. (+10% HP) [potion of
                  | mutation]
 63518 | Crypt:1  | Gained mutation: You are partially covered in thin metallic
                  | scales. (AC +2) [potion of mutation]
 63518 | Crypt:1  | Gained mutation: You are very robust. (+20% HP) [potion of
                  | mutation]
 63866 | Crypt:1  | Identified Hohistri's Grimoire of Dark Secrets
 64071 | Crypt:2  | Noticed Boris
 64082 | Crypt:2  | Killed Boris
 64464 | Crypt:2  | Found the +2 ratskin cloak {+Rats rPois rN+ Str-1 Int-1
                  | Dex+1}
 64559 | Crypt:2  | Noticed Xtahua
 64568 | Crypt:2  | Killed Xtahua
 64812 | Crypt:3  | Entered Level 3 of the Crypt
 64997 | Crypt:3  | Noticed Boris
 65017 | Crypt:3  | Killed Boris
 65102 | Crypt:3  | Identified the ring "Wisch" {rN+ Str+2} (You found it on
                  | level 3 of the Crypt)
 65103 | Crypt:3  | Identified the ring of Juloriot {rN+ Str+2 Dex+4} (You
                  | found it on level 3 of the Crypt)
 65104 | Crypt:3  | Identified the ring of Attitude {*Contam rC+ rN+ Int+4}
                  | (You found it on level 3 of the Crypt)
 65221 | Crypt:3  | Found a staircase to the Tomb.
 65359 | Crypt:3  | Found an ancient bone altar of Kikubaaqudgha.
 65360 | Crypt:3  | Noticed an ancient lich
 65373 | Crypt:3  | Killed an ancient lich
 66192 | Hell     | Entered the Vestibule of Hell
 66192 | Hell     | Noticed Geryon
 66202 | Hell     | Killed Geryon
 66298 | Hell     | Found a gateway to the Iron City of Dis.
 66458 | Hell     | Found a gateway to the freezing wastes of Cocytus.
 66586 | Hell     | Found a gateway to the decaying netherworld of Tartarus.
 66672 | Hell     | Found a gateway to the ashen valley of Gehenna.
 66931 | Geh:1    | Entered Level 1 of Gehenna
 67254 | Zot:1    | Entered Level 1 of the Realm of Zot
 67338 | Zot:1    | Reached skill level 1 in Charms
 67346 | Zot:1    | Reached skill level 1 in Spellcasting
 67354 | Zot:1    | Reached skill level 1 in Necromancy
 68552 | Zot:2    | Identified the ring of Sythautea {Wiz rN+ Dex+4} (You found
                  | it on level 2 of the Realm of Zot)
 68601 | Zot:2    | Noticed an orb of fire
 68618 | Zot:2    | Lost mutation: You are very robust. (+20% HP) [an orb of
                  | fire]
 68620 | Zot:2    | Killed an orb of fire
 70446 | Zot:4    | Noticed Tiamat
 70464 | Zot:4    | Killed Tiamat
 70597 | Zot:4    | Reached skill level 27 in Invocations
 71158 | Zot:4    | Found a runed door.
 71158 | Zot:4    | Noticed Mepagh's ghost (legendary KoAK)
 71251 | Zot:4    | Killed Mepagh's ghost
 71425 | Zot:5    | Entered Level 5 of the Realm of Zot
 71617 | Zot:5    | Noticed an ancient lich
 71627 | Zot:5    | Killed an ancient lich
 71781 | Zot:5    | Noticed an orb of fire
 71785 | Zot:5    | Gained mutation: You tend to lose your temper in combat.
                  | [an orb of fire]
 71792 | Zot:5    | Noticed an ancient lich
 71794 | Zot:5    | Gained mutation: Your body sometimes deteriorates upon
                  | taking damage. [an orb of fire]
 71798 | Zot:5    | Killed an orb of fire
 71807 | Zot:5    | Killed an ancient lich
 71868 | Zot:5    | Noticed an orb of fire
 71870 | Zot:5    | Gained mutation: Your magical capacity is low. (-10% MP)
                  | [an orb of fire]
 71878 | Zot:5    | Killed an orb of fire
 71918 | Zot:5    | Noticed an ancient lich
 71925 | Zot:5    | Killed an ancient lich
 71939 | Zot:5    | Noticed an orb of fire
 72131 | Zot:5    | Killed an orb of fire
 72249 | Zot:5    | Learned a level 3 spell: Spectral Weapon
 72252 | Zot:5    | Learned a level 2 spell: Song of Slaying
 72368 | Zot:2    | Lost mutation: Your magical capacity is low. (-10% MP)
                  | [potion of mutation]
 72368 | Zot:2    | Lost mutation: You tend to lose your temper in combat.
                  | [potion of mutation]
 72368 | Zot:2    | Gained mutation: Your spells are a little easier to cast,
                  | but a little less powerful. [potion of mutation]
 72368 | Zot:2    | Gained mutation: Your mind is acute. (Int +2) [potion of
                  | mutation]
 72644 | Geh:4    | Reached skill level 5 in Spellcasting
 72644 | Geh:4    | Reached skill level 5 in Charms
 73224 | Geh:4    | Reached skill level 5 in Necromancy
 73946 | Geh:7    | Entered Level 7 of Gehenna
 74516 | Geh:7    | Found the +18 shield of the Gong {rElec rN+ MR+ EV-5}
 74516 | Geh:7    | Found the amulet of the Four Winds {rN+ MR+++ Clar}
 74546 | Geh:7    | Identified the amulet "Quaptiunt" {Acrobat Stlth+} (You
                  | found it on level 7 of Gehenna)
 74701 | Geh:7    | Reached skill level 10 in Charms
 74887 | Geh:7    | Noticed Asmodeus
 74912 | Geh:7    | Killed Asmodeus
 75059 | Geh:7    | Got an obsidian rune of Zot
 75250 | Dis:1    | Entered Level 1 of the Iron City of Dis
 75295 | Dis:1    | Learned a level 5 spell: Fireball
 75704 | Dis:1    | Gained mutation: Your flesh is heat resistant. (rF+)
                  | [mutagenic glow]
 75801 | Dis:1    | Lost mutation: You are robust. (+10% HP) [mutagenic glow]
 76215 | Dis:2    | Reached skill level 10 in Spellcasting
 76875 | Dis:6    | Reached skill level 15 in Dodging
 77027 | Dis:7    | Entered Level 7 of the Iron City of Dis
 77493 | Depths:5 | Voluntarily entered the Abyss.
 77509 | Abyss:1  | Found a corrupted altar of Lugonu.
 77595 | Abyss:1  | Gained mutation: You occasionally shout uncontrollably at
                  | your foes. [a neqoxec]
 77681 | Abyss:1  | Lost mutation: Your mind is acute. (Int +2) [a neqoxec]
 77689 | Abyss:1  | Gained mutation: You are weak. (Str -2) [a neqoxec]
 77878 | Abyss:1  | Paralysed by you for 7 turns
 78245 | Abyss:2  | Gained mutation: You are clumsy. (Dex -2) [a neqoxec]
 78448 | Abyss:2  | Gained mutation: Scrolls take you a little longer to read.
                  | [a neqoxec]
 78837 | Abyss:2  | Reached skill level 1 in Translocations
 79148 | Depths:5 | Escaped the Abyss
 79166 | Depths:5 | Voluntarily entered the Abyss.
 79498 | Abyss:1  | Paralysed by accursed screaming for 1 turns
 79507 | Abyss:1  | Reached skill level 5 in Translocations
 79804 | Abyss:1  | Gained mutation: Your magical capacity is low. (-10% MP) [a
                  | cacodemon]
 80074 | Abyss:1  | Learned a level 8 spell: Controlled Blink
 80235 | Abyss:1  | Gained mutation: You are frail. (-10% HP) [a cacodemon]
 80358 | Abyss:2  | Paralysed by accursed screaming for 1 turns
 80565 | Abyss:2  | Found a corrupted altar of Lugonu.
 81038 | Abyss:2  | Identified the +6 great mace of the Endless Expanse {venom,
                  | Dex+4} (You found it on level 2 of the Abyss)
 81045 | Abyss:2  | Reached skill level 10 in Translocations
 81092 | Abyss:3  | Found a corrupted altar of Lugonu.
 81830 | Abyss:3  | Noticed an ancient lich
 81840 | Abyss:3  | Killed an ancient lich
 81879 | Abyss:3  | Gained mutation: Scrolls take you longer to read. [a
                  | neqoxec]
 81881 | Abyss:3  | Gained mutation: You are very weak. (Str -4) [a neqoxec]
 82039 | Abyss:3  | Noticed an ancient lich
 82047 | Abyss:3  | Killed an ancient lich
 82139 | Abyss:4  | Found a corrupted altar of Lugonu.
 82223 | Abyss:4  | Found a runed door.
 82808 | Abyss:4  | Paralysed by accursed screaming for 1 turns
 82811 | Abyss:4  | Reached skill level 15 in Translocations
 82879 | Abyss:4  | Gained mutation: You are very frail. (-20% HP) [a neqoxec]
 82896 | Abyss:4  | Got an abyssal rune of Zot
 83006 | Abyss:4  | Paralysed by accursed screaming for 1 turns
 83183 | Abyss:4  | Found a snail-covered altar of Cheibriados.
 83370 | Abyss:4  | Reached skill level 1 in Earth Magic
 83436 | Abyss:4  | Reached skill level 1 in Transmutations
 83500 | Depths:5 | Escaped the Abyss
 83817 | Elf:1    | Entered Level 1 of the Elven Halls
 83885 | Elf:1    | Found a magical portal.
 83891 | WizLab   | Entered Lehudib's Moon Base
 83919 | WizLab   | Gained mutation: Your spells are easier to cast, but less
                  | powerful. [a neqoxec]
 84043 | WizLab   | Paralysed by accursed screaming for 1 turns
 84141 | WizLab   | Gained mutation: You sometimes yell uncontrollably at your
                  | foes. [a cacodemon]
 84175 | WizLab   | Found a transporter.
 84903 | WizLab   | Found a transporter.
 84905 | WizLab   | Found the +8 demon blade "Leech" {vamp, rN+ AC-3 EV-3}
 84927 | Elf:1    | Lost mutation: Your magical capacity is low. (-10% MP)
                  | [potion of mutation]
 84927 | Elf:1    | Lost mutation: Your spells are easier to cast, but less
                  | powerful. [potion of mutation]
 84927 | Elf:1    | Lost mutation: You are partially covered in thin metallic
                  | scales. (AC +2) [potion of mutation]
 84927 | Elf:1    | Lost mutation: Your spells are a little easier to cast, but
                  | a little less powerful. [potion of mutation]
 84927 | Elf:1    | Gained mutation: Your flesh is cold resistant. (rC+)
                  | [potion of mutation]
 84928 | Elf:1    | Lost mutation: You are very weak. (Str -4) [potion of
                  | mutation]
 84928 | Elf:1    | Lost mutation: You are clumsy. (Dex -2) [potion of
                  | mutation]
 84928 | Elf:1    | Lost mutation: You are weak. (Str -2) [potion of mutation]
 84928 | Elf:1    | Lost mutation: You sometimes yell uncontrollably at your
                  | foes. [potion of mutation]
 84928 | Elf:1    | Gained mutation: You are agile. (Dex +2) [potion of
                  | mutation]
 84929 | Elf:1    | Lost mutation: You have sharp toenails. [potion of
                  | mutation]
 84929 | Elf:1    | Lost mutation: Scrolls take you longer to read. [potion of
                  | mutation]
 84929 | Elf:1    | Lost mutation: You occasionally shout uncontrollably at
                  | your foes. [potion of mutation]
 84929 | Elf:1    | Gained mutation: You are weak. (Str -2) [potion of
                  | mutation]
 84929 | Elf:1    | Gained mutation: You have an increased reservoir of magic.
                  | (+10% MP) [potion of mutation]
 84930 | Elf:1    | Lost mutation: Scrolls take you a little longer to read.
                  | [potion of mutation]
 84930 | Elf:1    | Lost mutation: Your body sometimes deteriorates upon taking
                  | damage. [potion of mutation]
 84930 | Elf:1    | Lost mutation: Your flesh is heat resistant. (rF+) [potion
                  | of mutation]
 84930 | Elf:1    | Lost mutation: You are very frail. (-20% HP) [potion of
                  | mutation]
 84973 | Elf:1    | Found Hapi's Jewellery Boutique.
 84980 | Elf:1    | Reached skill level 5 in Earth Magic
 85672 | Elf:1    | Identified Jigipigu's Disquisition on Conjuration and
                  | Summoning
 85864 | Elf:2    | Noticed Saint Roka
 85894 | Elf:2    | Killed Saint Roka
 85939 | Elf:2    | Found a ruined gateway.
 85953 | Desolati | Entered the Desolation of Salt
 86055 | Desolati | Identified Ajum's Tome of Supportive Conjuration
 86064 | Desolati | Got a translucent bronze ring
 86065 | Desolati | Identified the ring of Batrat {rN+ MR+++ Str-2 Dex+2} (You
                  | found it in the Desolation of Salt)
 86166 | Desolati | Identified the Grimoire of Warped Unholy Arts
 86302 | Desolati | Reached skill level 5 in Transmutations
 86569 | Desolati | Got a bound pewter amulet
 86570 | Desolati | Identified the amulet "Ucuis" {+Rage +Fly rF++ rN+ Int+3
                  | Dex-2} (You found it in the Desolation of Salt)
 86895 | Elf:2    | Found a runed gate.
 86895 | Elf:2    | Found a runed gate.
 86895 | Elf:2    | Found a runed gate.
 87418 | Elf:3    | Entered Level 3 of the Elven Halls
 87418 | Elf:3    | Found Saujett's Antique Armour Shop.
 87423 | Elf:3    | Bought a pair of ichor-stained boots for 294 gold pieces
 87423 | Elf:3    | Bought a shiny large shield for 232 gold pieces
 87423 | Elf:3    | Identified the +2 pair of boots of Ynutan {-Cast Str+2
                  | Dex+4 SInv} (You bought it in a shop on level 3 of the
                  | Elven Halls)
 87609 | Elf:3    | Found a runed gate.
 87610 | Elf:3    | Found a runed gate.
 87610 | Elf:3    | Found an opulent altar of Gozag.
 87614 | Elf:3    | Found a runed gate.
 87624 | Elf:3    | Found Dikazeno's Assorted Antiques.
 87624 | Elf:3    | Noticed Erlindor's ghost (adept MiAK)
 87631 | Elf:3    | Killed Erlindor's ghost
 87646 | Elf:3    | Bought a potion of resistance for 360 gold pieces
 87646 | Elf:3    | Bought a potion of might for 144 gold pieces
 87646 | Elf:3    | Bought a potion of magic for 288 gold pieces
 87646 | Elf:3    | Bought a scroll of fear for 126 gold pieces
 88093 | Elf:3    | Identified Ixuzel's Grimoire of Burning Sinister Magic
 88134 | Elf:3    | Identified the Incunabulum of Feathers and Confrontation
 88140 | Elf:3    | Identified Rites and Rhymes, Part Four
 88177 | Elf:3    | Got a clouded lapis lazuli ring
 88179 | Elf:3    | Identified the ring "Kedd" {+Fly MR+ Dex+7} (You found it
                  | on level 3 of the Elven Halls)
 88185 | Elf:3    | Identified the Volume of Sinister Secrets
 88765 | Geh:1    | Reached skill level 1 in Stealth
 89386 | Geh:2    | Reached skill level 5 in Stealth
 90374 | Depths:5 | Voluntarily entered the Abyss.
 90510 | Abyss:1  | Noticed an ancient lich
 90521 | Abyss:1  | Killed an ancient lich
 90521 | Abyss:1  | Reached skill level 10 in Stealth
 90748 | Abyss:1  | Found a corrupted altar of Lugonu.
 90750 | Abyss:1  | Lost mutation: You are agile. (Dex +2) [a neqoxec]
 90958 | Abyss:1  | Found an ornate altar of the Wu Jian Council.
 91616 | Depths:5 | Escaped the Abyss
 91798 | Tar:1    | Entered Level 1 of Tartarus
 98601 | Tar:7    | Entered Level 7 of Tartarus
 99539 | Tar:7    | Gained mutation: Scrolls take you a little longer to read.
                  | [mutagenic glow]
 99993 | Tar:7    | Identified the ring "Giadwas" {rF+ rC+ rN+ AC+3 Stlth+}
                  | (You found it on level 7 of Tartarus)
100102 | Tar:7    | Noticed an ancient lich
100102 | Tar:7    | Noticed an ancient lich
100116 | Tar:7    | Killed an ancient lich
100121 | Tar:7    | Killed an ancient lich
100237 | Tar:7    | Noticed Ereshkigal
100282 | Tar:7    | Killed Ereshkigal
100409 | Tar:7    | Got a bone rune of Zot
100586 | Tar:7    | Reached skill level 10 in Necromancy
101001 | Coc:1    | Entered Level 1 of Cocytus
103128 | Coc:2    | Reached skill level 27 in Translocations
104912 | Coc:4    | Reached skill level 15 in Spellcasting
105559 | Coc:6    | Gained mutation: Armour fits poorly on your strangely
                  | shaped body. [mutagenic glow]
105667 | Coc:6    | Gained mutation: You are clumsy. (Dex -2) [mutagenic glow]
106217 | Coc:7    | Entered Level 7 of Cocytus
106361 | Coc:7    | Gained mutation: You tend to lose your temper in combat.
                  | [mutagenic glow]
106413 | Coc:7    | Noticed the Serpent of Hell
106433 | Coc:7    | Lost mutation: You tend to lose your temper in combat.
                  | [potion of mutation]
106433 | Coc:7    | Lost mutation: You are clumsy. (Dex -2) [potion of
                  | mutation]
106433 | Coc:7    | Lost mutation: You have an increased reservoir of magic.
                  | (+10% MP) [potion of mutation]
106433 | Coc:7    | Gained mutation: You are very weak. (Str -4) [potion of
                  | mutation]
106433 | Coc:7    | Lost mutation: Scrolls take you a little longer to read.
                  | [potion of mutation]
106433 | Coc:7    | Gained mutation: You are agile. (Dex +2) [potion of
                  | mutation]
106443 | Coc:7    | Killed the Serpent of Hell
106512 | Coc:7    | Gained mutation: You have large cloven feet. [mutagenic
                  | glow]
106605 | Coc:7    | Gained mutation: You tend to lose your temper in combat.
                  | [mutagenic glow]
106653 | Coc:7    | Gained mutation: Your body sometimes deteriorates upon
                  | taking damage. [mutagenic glow]
106828 | Coc:7    | Noticed Antaeus
107428 | Coc:7    | Killed Antaeus
108017 | Orc:2    | Bought a ration for 55 gold pieces
108017 | Orc:2    | Bought a ration for 55 gold pieces
108017 | Orc:2    | Bought a ration for 55 gold pieces
108017 | Orc:2    | Bought a ration for 55 gold pieces
108017 | Orc:2    | Bought a ration for 55 gold pieces
108017 | Orc:2    | Bought a ration for 55 gold pieces
108017 | Orc:2    | Bought a ration for 55 gold pieces
108017 | Orc:2    | Bought a ration for 55 gold pieces
108017 | Orc:2    | Bought a ration for 55 gold pieces
108017 | Orc:2    | Bought a ration for 55 gold pieces
108017 | Orc:2    | Bought a ration for 55 gold pieces
108628 | Coc:7    | Got an icy rune of Zot
108660 | Coc:7    | Identified the Catalogue of Arcane Weapons and Protection
108663 | Coc:7    | Identified the Handbook of the First Wishes
109560 | Dis:7    | Lost mutation: You have large cloven feet. [mutagenic glow]
109588 | Dis:7    | Gained mutation: You occasionally shout uncontrollably at
                  | your foes. [mutagenic glow]
109688 | Dis:7    | Reached skill level 27 in Fighting
110220 | Dis:7    | Reached skill level 27 in Armour
110220 | Dis:7    | Reached skill level 1 in Air Magic
110234 | Dis:7    | Learned a level 9 spell: Tornado
110405 | Dis:7    | Reached skill level 5 in Air Magic
110463 | Dis:7    | Noticed Dispater
110481 | Dis:7    | Identified the Guide on Lightness and Talismans
110484 | Dis:7    | Got an iron rune of Zot
110778 | Pan      | Entered Pandemonium
110792 | Pan      | Lost mutation: You tend to lose your temper in combat. [a
                  | neqoxec]
110792 | Pan      | Noticed Pegre the pandemonium lord
110794 | Pan      | Gained mutation: Your magical capacity is low. (-10% MP) [a
                  | neqoxec]
110801 | Pan      | Killed Pegre the pandemonium lord
111067 | Pan      | Reached skill level 10 in Air Magic
111280 | Pan      | Found a transporter.
111322 | Pan      | Found an exit through the horrors of the Abyss.
111571 | Pan      | Noticed Nueh the pandemonium lord
111595 | Pan      | Cast into level 5 of the Abyss (Nueh)
111595 | Abyss:5  | Entered Level 5 of the Abyss
111621 | Abyss:5  | Paralysed by accursed screaming for 1 turns
111800 | Abyss:5  | Reached skill level 15 in Stealth
111810 | Pan      | Escaped the Abyss
112087 | Pan      | Found a huge runed gate.
112173 | Pan      | Entered the realm of Gloorx Vloq.
112215 | Pan      | Noticed Mennas
112233 | Pan      | Killed Mennas
112439 | Pan      | Found an exit through the horrors of the Abyss.
112723 | Pan      | Noticed Gloorx Vloq
113163 | Pan      | Killed Gloorx Vloq
113168 | Pan      | Got a dark rune of Zot
113313 | Pan      | Lost mutation: Your body sometimes deteriorates upon taking
                  | damage. [potion of mutation]
113313 | Pan      | Lost mutation: You occasionally shout uncontrollably at
                  | your foes. [potion of mutation]
113313 | Pan      | Lost mutation: You are frail. (-10% HP) [potion of
                  | mutation]
113313 | Pan      | Gained mutation: You are frail. (-10% HP) [potion of
                  | mutation]
113313 | Pan      | Gained mutation: Your flesh is very cold resistant. (rC++)
                  | [potion of mutation]
113314 | Pan      | Lost mutation: You are agile. (Dex +2) [potion of mutation]
113314 | Pan      | Lost mutation: You are very weak. (Str -4) [potion of
                  | mutation]
113314 | Pan      | Lost mutation: Your magical capacity is low. (-10% MP)
                  | [potion of mutation]
113314 | Pan      | Lost mutation: You are weak. (Str -2) [potion of mutation]
113314 | Pan      | Gained mutation: Your flesh is almost immune to the effects
                  | of cold. (rC+++) [potion of mutation]
113617 | Pan      | Noticed Xotit the pandemonium lord
113631 | Pan      | Killed Xotit the pandemonium lord
113886 | Pan      | Noticed Nasitzuw the pandemonium lord
113921 | Pan      | Noticed Dazut the pandemonium lord
113925 | Pan      | Killed Dazut the pandemonium lord
113945 | Pan      | Entered the realm of Mnoleg.
114122 | Pan      | Gained mutation: Scrolls take you a little longer to read.
                  | [a cacodemon]
114150 | Pan      | Gained mutation: Your magical capacity is low. (-10% MP) [a
                  | neqoxec]
114152 | Pan      | Gained mutation: You occasionally shout uncontrollably at
                  | your foes. [a neqoxec]
114292 | Pan      | Gained mutation: Your spells are a little easier to cast,
                  | but a little less powerful. [a neqoxec]
114322 | Pan      | Gained mutation: You are clumsy. (Dex -2) [a neqoxec]
114372 | Pan      | Noticed Mnoleg
114405 | Pan      | Killed Mnoleg
114511 | Pan      | Gained mutation: Potions are less effective at restoring
                  | your health. [a neqoxec]
114512 | Pan      | Gained mutation: Your magical capacity is very low. (-20%
                  | MP) [a cacodemon]
114529 | Pan      | Got a glowing rune of Zot
114711 | Pan      | Entered the realm of Lom Lobon.
114730 | Pan      | Lost mutation: You are clumsy. (Dex -2) [potion of
                  | mutation]
114730 | Pan      | Lost mutation: Potions are less effective at restoring your
                  | health. [potion of mutation]
114730 | Pan      | Lost mutation: You occasionally shout uncontrollably at
                  | your foes. [potion of mutation]
114730 | Pan      | Lost mutation: Scrolls take you a little longer to read.
                  | [potion of mutation]
114730 | Pan      | Lost mutation: Your flesh is almost immune to the effects
                  | of cold. (rC+++) [potion of mutation]
114730 | Pan      | Lost mutation: Your spells are a little easier to cast, but
                  | a little less powerful. [potion of mutation]
114769 | Pan      | Lost mutation: Armour fits poorly on your strangely shaped
                  | body. [potion of mutation]
114769 | Pan      | Lost mutation: Your magical capacity is very low. (-20% MP)
                  | [potion of mutation]
114769 | Pan      | Lost mutation: You are frail. (-10% HP) [potion of
                  | mutation]
114769 | Pan      | Gained mutation: You have a pair of small antennae on your
                  | head. [potion of mutation]
114769 | Pan      | Lost mutation: Your magical capacity is low. (-10% MP)
                  | [potion of mutation]
114769 | Pan      | Gained mutation: You evolve. [potion of mutation]
115070 | Pan      | Noticed Lom Lobon
115107 | Pan      | Killed Lom Lobon
115209 | Pan      | Got a magical rune of Zot
115351 | Pan      | Entered the realm of Cerebov.
115652 | Pan      | Identified the Papyrus of Malediction and Air
115713 | Pan      | Identified the ring of Incredulity {Ice +Inv rN+++ MR-
                  | Dex-5} (You found it in Pandemonium)
115739 | Pan      | Noticed Cerebov
115748 | Pan      | Got a fiery rune of Zot
116098 | Pan      | Noticed a seraph
116105 | Pan      | Found a glowing golden altar of the Shining One.
116108 | Pan      | Got a demonic rune of Zot
116118 | Pan      | Found a white marble altar of Elyvilon.
116252 | Depths:5 | Escaped Pandemonium
116675 | Tomb:1   | Entered Level 1 of the Tomb of the Ancients
116823 | Tomb:1   | Learned a level 8 spell: Death's Door
116829 | Tomb:1   | Learned a level 5 spell: Dispel Undead
117470 | Tomb:2   | Noticed a greater mummy
117471 | Tomb:2   | Noticed a greater mummy
117471 | Tomb:2   | Noticed a greater mummy
117503 | Tomb:2   | Noticed a greater mummy
117537 | Tomb:2   | Killed a greater mummy
117545 | Tomb:2   | Noticed a greater mummy
117548 | Tomb:2   | Killed a greater mummy
117733 | Tomb:2   | Killed a greater mummy
117884 | Tomb:2   | Killed a greater mummy
117967 | Tomb:2   | Killed a greater mummy
118303 | Tomb:1   | Noticed a greater mummy
118307 | Tomb:1   | Noticed a greater mummy
118316 | Tomb:1   | Killed a greater mummy
118317 | Tomb:1   | Noticed a greater mummy
118317 | Tomb:1   | Noticed a greater mummy
118317 | Tomb:1   | Noticed a greater mummy
118318 | Tomb:1   | Killed a greater mummy
118321 | Tomb:1   | Killed a greater mummy
118321 | Tomb:1   | Killed a greater mummy
118324 | Tomb:1   | Killed a greater mummy
118324 | Tomb:1   | Reached skill level 15 in Necromancy
118358 | Tomb:1   | Noticed a greater mummy
118368 | Tomb:1   | Killed a greater mummy
118370 | Tomb:1   | Noticed a greater mummy
118383 | Tomb:1   | Killed a greater mummy
118406 | Tomb:1   | Noticed a greater mummy
118411 | Tomb:1   | Noticed a greater mummy
118423 | Tomb:1   | Killed a greater mummy
118423 | Tomb:1   | Killed a greater mummy
118488 | Tomb:1   | Noticed a greater mummy
118502 | Tomb:1   | Killed a greater mummy
118535 | Tomb:1   | Noticed a greater mummy
118542 | Tomb:1   | Killed a greater mummy
118558 | Tomb:1   | Noticed a greater mummy
118560 | Tomb:1   | Noticed a greater mummy
118573 | Tomb:1   | Killed a greater mummy
118575 | Tomb:1   | Killed a greater mummy
118652 | Tomb:1   | Noticed a greater mummy
118652 | Tomb:1   | Noticed a greater mummy
118665 | Tomb:1   | Noticed a greater mummy
118668 | Tomb:1   | Noticed a greater mummy
118670 | Tomb:1   | Killed a greater mummy
118670 | Tomb:1   | Killed a greater mummy
118673 | Tomb:1   | Killed a greater mummy
118673 | Tomb:1   | Killed a greater mummy
118675 | Tomb:1   | Noticed a greater mummy
118751 | Tomb:1   | Killed a greater mummy
118762 | Tomb:1   | Noticed a greater mummy
118776 | Tomb:1   | Killed a greater mummy
118989 | Tomb:3   | Entered Level 3 of the Tomb of the Ancients
119007 | Tomb:3   | Noticed a greater mummy
119009 | Tomb:3   | Noticed a greater mummy
119011 | Tomb:3   | Noticed a greater mummy
119012 | Tomb:3   | Noticed an ancient lich
119017 | Tomb:3   | Noticed a greater mummy
119229 | Tomb:3   | Noticed a greater mummy
119239 | Tomb:3   | Noticed a greater mummy
119240 | Tomb:3   | Noticed a greater mummy
119244 | Tomb:3   | Got a golden rune of Zot
119253 | Tomb:3   | Noticed a greater mummy
120260 | Tomb:1   | Learned a level 9 spell: Fire Storm
120623 | Tomb:3   | Found the +12 Vampire's Tooth {vamp}
120641 | Tomb:3   | Killed a greater mummy
120868 | Tomb:1   | Lost mutation: You evolve. [evolution]
121224 | Pan      | Entered Pandemonium
121237 | Pan      | Identified the Guide on the Warped Rocks
121254 | Pan      | Reached skill level 1 in Conjurations
121254 | Pan      | Reached skill level 1 in Fire Magic
121337 | Pan      | Found an exit through the horrors of the Abyss.
121427 | Pan      | Noticed Cerebov
121437 | Pan      | Killed Cerebov
121437 | Pan      | Reached skill level 5 in Conjurations
121437 | Pan      | Reached skill level 5 in Fire Magic
121568 | Pan      | Noticed Buntar the pandemonium lord
121583 | Pan      | Killed Buntar the pandemonium lord
121627 | Pan      | Identified the cursed +2 executioner's axe "Nitziopu"
                  | {chop, +Fly Str+3} (You found it in Pandemonium)
122238 | Pan      | Noticed Famo the pandemonium lord
122254 | Pan      | Killed Famo the pandemonium lord
122366 | Pan      | Found an exit through the horrors of the Abyss.
122821 | Pan      | Noticed Tawed the pandemonium lord
123007 | Pan      | Reached skill level 10 in Conjurations
123473 | Pan      | Reached skill level 10 in Fire Magic
123524 | Pan      | Noticed Keluwulo the pandemonium lord
123544 | Pan      | Killed Keluwulo the pandemonium lord
123804 | Pan      | Noticed Doud the pandemonium lord
123814 | Pan      | Killed Doud the pandemonium lord
123844 | Pan      | Learned a level 8 spell: Ignition
124224 | Pan      | Noticed Weiv the pandemonium lord
124238 | Pan      | Killed Weiv the pandemonium lord
124278 | Pan      | Noticed Ibbaq the pandemonium lord
124284 | Pan      | Gained mutation: You tend to lose your temper in combat. [a
                  | neqoxec]
124287 | Pan      | Killed Ibbaq the pandemonium lord
124294 | Pan      | Gained mutation: You are weak. (Str -2) [a neqoxec]
124312 | Pan      | Gained mutation: Armour fits poorly on your strangely
                  | shaped body. [a neqoxec]
124465 | Pan      | Found an exit through the horrors of the Abyss.
124678 | Pan      | Gained mutation: You are dopey. (Int -2) [a neqoxec]
124800 | Pan      | Gained mutation: Your body sometimes deteriorates upon
                  | taking damage. [a neqoxec]
125085 | Pan      | Found an exit through the horrors of the Abyss.
125453 | Pan      | Noticed Donosmir the pandemonium lord
125472 | Pan      | Killed Donosmir the pandemonium lord
125743 | Pan      | Noticed Hyeh the pandemonium lord
125833 | Pan      | Killed Hyeh the pandemonium lord
125833 | Pan      | Reached skill level 15 in Conjurations
126001 | Pan      | Found an exit through the horrors of the Abyss.
126055 | Pan      | Noticed Ukhuho the pandemonium lord
126417 | Pan      | Noticed Xiblerit the pandemonium lord
126488 | Pan      | Reached skill level 15 in Fire Magic
127049 | Pan      | Noticed Yraestev the pandemonium lord
127072 | Pan      | Killed Yraestev the pandemonium lord
127653 | Pan      | Found an exit through the horrors of the Abyss.
127683 | Pan      | Took an exit into the Abyss.
127683 | Abyss:1  | Escaped into the Abyss
127884 | Abyss:1  | Paralysed by accursed screaming for 1 turns
127993 | Depths:1 | Escaped the Abyss
128196 | Zig:1    | Entered Level 1 of a ziggurat
128248 | Zig:2    | Entered Level 2 of a ziggurat
128267 | Zig:3    | Entered Level 3 of a ziggurat
128296 | Zig:3    | Identified the ring of Hulelaip {rC+ rN+ Str+9 Int-5
                  | Stlth+} (You found it on level 3 of a ziggurat)
128299 | Zig:4    | Entered Level 4 of a ziggurat
128324 | Zig:5    | Entered Level 5 of a ziggurat
128369 | Zig:6    | Entered Level 6 of a ziggurat
128392 | Zig:7    | Entered Level 7 of a ziggurat
128427 | Zig:8    | Entered Level 8 of a ziggurat
128607 | Zig:9    | Entered Level 9 of a ziggurat
128737 | Zig:9    | Identified the amulet of Zin's Approval {Spirit rN++ MP+9
                  | Dex-2 SInv} (You found it on level 9 of a ziggurat)
128776 | Zig:10   | Entered Level 10 of a ziggurat
128900 | Zig:11   | Entered Level 11 of a ziggurat
128989 | Zig:11   | Identified the ring of Zosol {rF- MR+ Int+9 Dex+2} (You
                  | found it on level 11 of a ziggurat)
129031 | Zig:12   | Entered Level 12 of a ziggurat
129153 | Zig:12   | Identified the ring "Helir" {+Fly Str-4 Int+5 Dex+6} (You
                  | found it on level 12 of a ziggurat)
129173 | Zig:13   | Entered Level 13 of a ziggurat
129294 | Zig:14   | Entered Level 14 of a ziggurat
129303 | Zig:14   | Noticed a juggernaut
129303 | Zig:14   | Noticed a juggernaut
129312 | Zig:14   | Noticed a juggernaut
129313 | Zig:14   | Noticed a juggernaut
129319 | Zig:14   | Killed a juggernaut
129319 | Zig:14   | Killed a juggernaut
129330 | Zig:14   | Killed a juggernaut
129333 | Zig:14   | Killed a juggernaut
129366 | Zig:14   | Identified the Guide on Blistering Moulding
129433 | Zig:14   | Identified the +3 shield of Ixosus {*Slow Str+3 Dex+4} (You
                  | found it on level 14 of a ziggurat)
129438 | Zig:15   | Entered Level 15 of a ziggurat
129590 | Zig:15   | Lost mutation: You tend to lose your temper in combat.
                  | [potion of mutation]
129590 | Zig:15   | Lost mutation: You are dopey. (Int -2) [potion of mutation]
129590 | Zig:15   | Gained mutation: You occasionally shout uncontrollably at
                  | your foes. [potion of mutation]
129590 | Zig:15   | Gained mutation: You expend magic power (3 MP) to
                  | strengthen your wands. [potion of mutation]
129591 | Zig:15   | Lost mutation: You occasionally shout uncontrollably at
                  | your foes. [potion of mutation]
129591 | Zig:15   | Lost mutation: You are weak. (Str -2) [potion of mutation]
129591 | Zig:15   | Gained mutation: Your spells are a little easier to cast,
                  | but a little less powerful. [potion of mutation]
129591 | Zig:15   | Gained mutation: You have a pair of antennae on your head.
                  | [potion of mutation]
129593 | Zig:16   | Entered Level 16 of a ziggurat
129700 | Zig:17   | Entered Level 17 of a ziggurat
129708 | Zig:17   | Noticed Kemat the pandemonium lord
129722 | Zig:17   | Noticed Tangenga the pandemonium lord
129724 | Zig:17   | Noticed Cesaoptodes the pandemonium lord
129725 | Zig:17   | Noticed Adirupn the pandemonium lord
129728 | Zig:17   | Noticed Ujor the pandemonium lord
129728 | Zig:17   | Noticed Ochoanus the pandemonium lord
129728 | Zig:17   | Noticed Esessuh the pandemonium lord
129729 | Zig:17   | Noticed Kennixt the pandemonium lord
129729 | Zig:17   | Reached skill level 15 in Charms
129733 | Zig:17   | Killed Tangenga the pandemonium lord
129734 | Zig:17   | Killed Cesaoptodes the pandemonium lord
129734 | Zig:17   | Killed Adirupn the pandemonium lord
129734 | Zig:17   | Killed Kennixt the pandemonium lord
129734 | Zig:17   | Killed Kemat the pandemonium lord
129743 | Zig:17   | Paralysed by Ujor for 3 turns
129747 | Zig:17   | Killed Esessuh the pandemonium lord
129752 | Zig:17   | Killed Ujor the pandemonium lord
129777 | Zig:18   | Entered Level 18 of a ziggurat
129816 | Zig:18   | Noticed a juggernaut
129826 | Zig:18   | Noticed a juggernaut
129826 | Zig:18   | Noticed a juggernaut
129829 | Zig:18   | Killed a juggernaut
129829 | Zig:18   | Killed a juggernaut
129840 | Zig:18   | Killed a juggernaut
129922 | Zig:18   | Identified the ring "Qinnukh" {rN+ Int+5} (You found it on
                  | level 18 of a ziggurat)
129999 | Zig:19   | Entered Level 19 of a ziggurat
130007 | Zig:19   | Noticed a juggernaut
130026 | Zig:19   | Killed a juggernaut
130055 | Zig:19   | Lost mutation: Your flesh is very cold resistant. (rC++)
                  | [potion of mutation]
130055 | Zig:19   | Lost mutation: Your body sometimes deteriorates upon taking
                  | damage. [potion of mutation]
130055 | Zig:19   | Lost mutation: You expend magic power (3 MP) to strengthen
                  | your wands. [potion of mutation]
130055 | Zig:19   | Gained mutation: You are partially covered in slimy green
                  | scales. (AC +2) [potion of mutation]
130055 | Zig:19   | Gained mutation: You are clumsy. (Dex -2) [potion of
                  | mutation]
130055 | Zig:19   | Gained mutation: You are occasionally teleported next to
                  | monsters. [potion of mutation]
130055 | Zig:19   | Gained mutation: Your mind is acute. (Int +2) [potion of
                  | mutation]
130056 | Zig:19   | Lost mutation: Armour fits poorly on your strangely shaped
                  | body. [potion of mutation]
130056 | Zig:19   | Lost mutation: You are clumsy. (Dex -2) [potion of
                  | mutation]
130056 | Zig:19   | Lost mutation: Your spells are a little easier to cast, but
                  | a little less powerful. [potion of mutation]
130056 | Zig:19   | Lost mutation: Your mind is acute. (Int +2) [potion of
                  | mutation]
130056 | Zig:19   | Gained mutation: Your mind is acute. (Int +2) [potion of
                  | mutation]
130057 | Zig:19   | Lost mutation: You have a pair of antennae on your head.
                  | [potion of mutation]
130057 | Zig:19   | Lost mutation: Your mind is acute. (Int +2) [potion of
                  | mutation]
130057 | Zig:19   | Lost mutation: You have a pair of small antennae on your
                  | head. [potion of mutation]
130057 | Zig:19   | Gained mutation: You are sometimes teleported next to
                  | monsters. [potion of mutation]
130057 | Zig:19   | Gained mutation: You are robust. (+10% HP) [potion of
                  | mutation]
130057 | Zig:19   | Gained mutation: You are partially covered in rugged brown
                  | scales. (AC +1, +3% HP) [potion of mutation]
130058 | Zig:19   | Lost mutation: You are robust. (+10% HP) [potion of
                  | mutation]
130058 | Zig:19   | Lost mutation: You are sometimes teleported next to
                  | monsters. [potion of mutation]
130058 | Zig:19   | Gained mutation: Scrolls take you a little longer to read.
                  | [potion of mutation]
130058 | Zig:19   | Gained mutation: You are agile. (Dex +2) [potion of
                  | mutation]
130060 | Zig:19   | Lost mutation: You are occasionally teleported next to
                  | monsters. [potion of mutation]
130060 | Zig:19   | Lost mutation: Scrolls take you a little longer to read.
                  | [potion of mutation]
130060 | Zig:19   | Gained mutation: You are dopey. (Int -2) [potion of
                  | mutation]
130060 | Zig:19   | Gained mutation: You are covered in fur. (AC +1) [potion of
                  | mutation]
130060 | Zig:19   | Lost mutation: You are dopey. (Int -2) [potion of mutation]
130157 | Zig:20   | Entered Level 20 of a ziggurat
130214 | Zig:20   | Found the +6 arbalest "Damnation" {damnation}
130221 | Zig:20   | Identified the Volume of the Thirsty Lies
130290 | Zig:20   | Identified the ring "Tizxaurph" {Fire rElec Dex+4} (You
                  | found it on level 20 of a ziggurat)
130321 | Zig:21   | Entered Level 21 of a ziggurat
130440 | Zig:21   | Identified the ring of Yhubasm {MR+ Str+4 Int+4} (You found
                  | it on level 21 of a ziggurat)
130520 | Zig:22   | Entered Level 22 of a ziggurat
130575 | Zig:22   | Found the +12 glaive of Prune {chop}
130575 | Zig:22   | Found the +9 staff of Wucad Mu {channel}
130648 | Zig:23   | Entered Level 23 of a ziggurat
130677 | Zig:23   | Noticed an ancient lich
130684 | Zig:23   | Killed an ancient lich
130857 | Zig:23   | Identified Ebycoafy's Compendium of Stones
130859 | Zig:23   | Identified Spellweaving, Part One
130906 | Zig:23   | Identified the +5 pair of gloves of the Beginning {MR+}
                  | (You found it on level 23 of a ziggurat)
130915 | Zig:23   | Identified the ring of Osoxzeh {Wiz rElec Slay+4 Stlth-}
                  | (You found it on level 23 of a ziggurat)
130943 | Zig:24   | Entered Level 24 of a ziggurat
130967 | Zig:24   | Noticed an ancient lich
130967 | Zig:24   | Noticed an ancient lich
130967 | Zig:24   | Noticed an ancient lich
130971 | Zig:24   | Killed an ancient lich
130973 | Zig:24   | Found the +3 robe of Folly {Archmagi, MR-- Int+5}
130973 | Zig:24   | Killed an ancient lich
130975 | Zig:24   | Killed an ancient lich
131007 | Zig:24   | Identified Boaptiq's Guide on Congealing Transmutation
131017 | Zig:24   | Identified the ring "Alas Rergh" {*Slow AC+2 Str-3 Int+6}
                  | (You found it on level 24 of a ziggurat)
131117 | Zig:25   | Entered Level 25 of a ziggurat
131237 | Zig:25   | Identified the ring of Foolhardiness {rPois MR+} (You found
                  | it on level 25 of a ziggurat)
131244 | Zig:25   | Identified the Catalogue of the Six Seas
131336 | Zig:26   | Entered Level 26 of a ziggurat
131389 | Zig:26   | Found the ring of Shadows {Umbra +Inv Stlth+}
131533 | Zig:27   | Entered Level 27 of a ziggurat
131678 | Zig:27   | Identified the Volume of Moulding
131701 | Zig:27   | Identified the ring of Lariuthre {Wiz *Contam rElec Dex+6}
                  | (You found it on level 27 of a ziggurat)
131717 | Zig:27   | Got a fine lapis lazuli ring
131719 | Zig:27   | Identified the ring of Wariness {rF+ Dex+2} (You found it
                  | on level 27 of a ziggurat)
132365 | Zig:1    | Entered Level 1 of a ziggurat
132397 | Zig:2    | Entered Level 2 of a ziggurat
132495 | Zig:3    | Entered Level 3 of a ziggurat
132524 | Zig:3    | Got a sparkling marble ring
132526 | Zig:3    | Identified the ring "Baxeur Tidy" {rPois Str-3 Int+3 Dex+3
                  | Stlth+} (You found it on level 3 of a ziggurat)
132620 | Zig:4    | Entered Level 4 of a ziggurat
132706 | Zig:5    | Entered Level 5 of a ziggurat
132741 | Zig:5    | Identified the Reference Book on Weightlessness and the
                  | Escort
132780 | Zig:6    | Entered Level 6 of a ziggurat
132822 | Zig:6    | Got a bound brass ring
132824 | Zig:6    | Identified the ring of Nitouraa {rN+ SInv Stlth+} (You
                  | found it on level 6 of a ziggurat)
132891 | Zig:7    | Entered Level 7 of a ziggurat
132950 | Zig:7    | Identified the amulet of Micomuor {Acrobat rElec Str+3}
                  | (You found it on level 7 of a ziggurat)
133003 | Zig:7    | Learned a level 6 spell: Freezing Cloud
133008 | Zig:8    | Entered Level 8 of a ziggurat
133075 | Zig:9    | Entered Level 9 of a ziggurat
133119 | Zig:9    | Got a clouded granite ring
133121 | Zig:9    | Identified the ring "Bauzek" {Fire +Inv rPois MR++ Dex-3}
                  | (You found it on level 9 of a ziggurat)
133172 | Zig:10   | Entered Level 10 of a ziggurat
133235 | Zig:11   | Entered Level 11 of a ziggurat
133251 | Zig:11   | Found the +3 robe of Clouds {+Fly rElec}
133263 | Zig:11   | Identified the Catalogue of Lightness
133265 | Zig:11   | Identified the Volume of Assistive Poisoning
133276 | Zig:11   | Identified the amulet "Sogruf" {Regen+ Int+2} (You acquired
                  | it on level 11 of a ziggurat)
133327 | Zig:12   | Entered Level 12 of a ziggurat
133372 | Zig:12   | Identified the Tome of Displacement and the Escort
133379 | Zig:12   | Identified the ring "Efeuq" {Str+4 Stlth-} (You found it on
                  | level 12 of a ziggurat)
133391 | Zig:13   | Entered Level 13 of a ziggurat
133425 | Zig:13   | Identified the Grimoire of Transmigration and the Blaze
133428 | Zig:13   | Got a slimy platinum ring
133430 | Zig:13   | Identified the ring of Muggoav {Int+3 SInv} (You found it
                  | on level 13 of a ziggurat)
133451 | Zig:13   | Got distressingly furry shadow dragon scales
133462 | Zig:13   | Identified the +15 shadow dragon scales of Yredelemnul's
                  | Envy {MR+ Regen+ Stlth++++} (You found it on level 13 of a
                  | ziggurat)
133499 | Zig:14   | Entered Level 14 of a ziggurat
133511 | Zig:14   | Noticed Hogen the pandemonium lord
133513 | Zig:14   | Killed Hogen the pandemonium lord
133535 | Zig:14   | Identified the Catalogue of the Glacier
133545 | Zig:14   | Identified the ring "Jeni" {*Slow rN++ Stlth+} (You found
                  | it on level 14 of a ziggurat)
133593 | Zig:15   | Entered Level 15 of a ziggurat
133601 | Zig:15   | Noticed a juggernaut
133602 | Zig:15   | Noticed a juggernaut
133608 | Zig:15   | Noticed a juggernaut
133610 | Zig:15   | Noticed a juggernaut
133610 | Zig:15   | Noticed a juggernaut
133612 | Zig:15   | Killed a juggernaut
133612 | Zig:15   | Killed a juggernaut
133612 | Zig:15   | Killed a juggernaut
133614 | Zig:15   | Killed a juggernaut
133618 | Zig:15   | Killed a juggernaut
133696 | Zig:16   | Entered Level 16 of a ziggurat
133710 | Zig:16   | Noticed a juggernaut
133713 | Zig:16   | Noticed a juggernaut
133713 | Zig:16   | Noticed a juggernaut
133714 | Zig:16   | Noticed a juggernaut
133720 | Zig:16   | Killed a juggernaut
133720 | Zig:16   | Killed a juggernaut
133720 | Zig:16   | Killed a juggernaut
133721 | Zig:16   | Noticed a juggernaut
133724 | Zig:16   | Killed a juggernaut
133725 | Zig:16   | Killed a juggernaut
133875 | Zig:16   | Identified the Incunabulum of Cankerous Shape Shifting
133898 | Zig:17   | Entered Level 17 of a ziggurat
133947 | Zig:17   | Identified Ross's Catalogue of Mutualism
133956 | Zig:17   | Identified the ring of Viusodgh {rCorr +Blink Dex+7} (You
                  | found it on level 17 of a ziggurat)
134009 | Zig:18   | Entered Level 18 of a ziggurat
134029 | Zig:18   | Noticed an ancient lich
134034 | Zig:18   | Noticed an ancient lich
134037 | Zig:18   | Noticed an ancient lich
134037 | Zig:18   | Noticed an ancient lich
134038 | Zig:18   | Killed an ancient lich
134039 | Zig:18   | Found the +0 mask of the Dragon {MR+ Slay+3 SInv}
134047 | Zig:18   | Killed an ancient lich
134047 | Zig:18   | Killed an ancient lich
134047 | Zig:18   | Reached skill level 27 in Spellcasting
134050 | Zig:18   | Killed an ancient lich
134207 | Zig:19   | Entered Level 19 of a ziggurat
134231 | Zig:19   | Reached skill level 27 in Conjurations
134257 | Zig:19   | Identified the Papyrus of Gliding Ignition
134343 | Zig:19   | Identified the Catalogue of Toxins and Moulding
134358 | Zig:20   | Entered Level 20 of a ziggurat
134386 | Zig:20   | Reached skill level 27 in Fire Magic
134475 | Zig:20   | Identified the amulet "Tablic Onuu" {Acrobat rN+ Str+2
                  | Int+3} (You found it on level 20 of a ziggurat)
134584 | Zig:21   | Entered Level 21 of a ziggurat
134600 | Zig:21   | Noticed an orb of fire
134601 | Zig:21   | Noticed an orb of fire
134601 | Zig:21   | Noticed an orb of fire
134601 | Zig:21   | Noticed an orb of fire
134601 | Zig:21   | Noticed an orb of fire
134601 | Zig:21   | Noticed an orb of fire
134602 | Zig:21   | Noticed an orb of fire
134605 | Zig:21   | Killed an orb of fire
134605 | Zig:21   | Noticed an orb of fire
134609 | Zig:22   | Entered Level 22 of a ziggurat
134697 | Zig:22   | Reached skill level 27 in Stealth
134715 | Zig:22   | HP: 8/204 [frost giant/bolt of cold (4)]
134909 | Zig:22   | Found the +8 trident of the Octopus King {venom, rElec
                  | rPois MR+}
134947 | Zig:22   | Identified the ring "Femmus" {rElec rPois rF+ MP+9 Dex+4}
                  | (You found it on level 22 of a ziggurat)
134980 | Zig:23   | Entered Level 23 of a ziggurat
134995 | Zig:23   | Noticed a juggernaut
134997 | Zig:23   | Noticed a juggernaut
135002 | Zig:23   | Killed a juggernaut
135005 | Zig:23   | Killed a juggernaut
135015 | Zig:23   | Found the brooch of Shielding {Reflect SH+8}
135030 | Zig:23   | Identified the Volume of the Freezing Voyage
135032 | Zig:23   | Identified the Incunabulum of Frigorific Curses
135137 | Zig:23   | Learned a level 8 spell: Borgnjor's Revivification
135138 | Zig:24   | Entered Level 24 of a ziggurat
135159 | Zig:24   | Noticed a juggernaut
135161 | Zig:24   | Noticed a juggernaut
135161 | Zig:24   | Noticed a juggernaut
135162 | Zig:24   | Noticed a juggernaut
135163 | Zig:24   | Killed a juggernaut
135166 | Zig:24   | Killed a juggernaut
135169 | Zig:24   | Killed a juggernaut
135171 | Zig:24   | Killed a juggernaut
135179 | Zig:24   | Reached skill level 27 in Shields
135181 | Zig:24   | Found the +5 demon whip "Spellbinder" {antimagic, MR+}
135182 | Zig:24   | Reached skill level 1 in Ice Magic
135195 | Zig:24   | Identified the Compendium of the Glacial Arsonist
135197 | Zig:24   | Identified the Compendium of Destructive Unholy Rituals
135202 | Zig:24   | Identified the ring of the Past {rCorr *Contam rF++ MR+++
                  | Int+4} (You found it on level 24 of a ziggurat)
135347 | Zig:24   | Identified the ring of Teruf {rF+ SInv} (You found it on
                  | level 24 of a ziggurat)
135349 | Zig:25   | Entered Level 25 of a ziggurat
135373 | Zig:25   | Reached skill level 5 in Ice Magic
135433 | Zig:25   | Learned a level 9 spell: Glaciate
135449 | Zig:25   | Identified the ring of Daur {rC+ rN+ Int+4 Slay+3} (You
                  | found it on level 25 of a ziggurat)
135466 | Zig:26   | Entered Level 26 of a ziggurat
135514 | Zig:26   | Identified the amulet of Grontol {MR+ Regen+ Str+6 Int-2
                  | Dex+3} (You found it on level 26 of a ziggurat)
135554 | Zig:26   | Identified the amulet of Equilibrium {Inacc rElec rPois
                  | rN+} (You found it on level 26 of a ziggurat)
135575 | Zig:27   | Entered Level 27 of a ziggurat
135596 | Zig:27   | Reached skill level 15 in Ice Magic
135651 | Zig:27   | Identified the ring of Gunum {rC++ EV+3} (You found it on
                  | level 27 of a ziggurat)
135865 | D:12     | Found a transporter.
135918 | D:12     | Identified the amulet "Yroyseick" {RegenMP rC+ MP+9} (You
                  | found it on level 12 of the Dungeon)
135934 | D:12     | Identified the Collected Works on Supportive Lightness
135997 | D:12     | Killed Maurice
136158 | Zig:1    | Entered Level 1 of a ziggurat
136181 | Zig:2    | Entered Level 2 of a ziggurat
136234 | Zig:3    | Entered Level 3 of a ziggurat
136272 | Zig:4    | Entered Level 4 of a ziggurat
136308 | Zig:4    | Identified The Lost Almanac of the Archmage
136322 | Zig:5    | Entered Level 5 of a ziggurat
136324 | Zig:5    | Noticed a greater mummy
136330 | Zig:5    | Killed a greater mummy
136348 | Zig:5    | Identified the amulet "Beextaoxza" {Acrobat *Contam rPois
                  | SInv Stlth+} (You found it on level 5 of a ziggurat)
136396 | Zig:6    | Entered Level 6 of a ziggurat
136402 | Zig:6    | Noticed an ancient lich
136410 | Zig:6    | Killed an ancient lich
136418 | Zig:6    | Identified the Collected Works on Orientation and Changing
136490 | Zig:7    | Entered Level 7 of a ziggurat
136529 | Zig:8    | Entered Level 8 of a ziggurat
136560 | Zig:8    | Identified the Grimoire of Boosts and Transformation
136576 | Zig:9    | Entered Level 9 of a ziggurat
136581 | Zig:9    | Noticed an ancient lich
136584 | Zig:9    | Killed an ancient lich
136622 | Zig:9    | Identified the +0 cloak of the King of the Hill {rF+ Str-2
                  | Stlth+} (You found it on level 9 of a ziggurat)
136641 | Zig:10   | Entered Level 10 of a ziggurat
136718 | Zig:11   | Entered Level 11 of a ziggurat
136734 | Zig:11   | Found the +7 captain's cutlass {speed, disarm}
136836 | Zig:11   | Identified the ring "Kauwk" {rElec rPois Stlth+} (You found
                  | it on level 11 of a ziggurat)
136837 | Zig:11   | Identified the ring "Ryuwotomp" {rCorr Str+3} (You found it
                  | on level 11 of a ziggurat)
136839 | Zig:12   | Entered Level 12 of a ziggurat
136844 | Zig:12   | Noticed an ancient lich
136847 | Zig:12   | Found the +8 mithril axe "Arga" {speed, MR+}
136848 | Zig:12   | Killed an ancient lich
136871 | Zig:12   | Identified the amulet "Haiweaj" {Inacc Str+3} (You found it
                  | on level 12 of a ziggurat)
136914 | Zig:13   | Entered Level 13 of a ziggurat
136920 | Zig:13   | Found the +7 sceptre of Torment
136965 | Zig:13   | Identified the ring of Usyn {Wiz Str+4} (You found it on
                  | level 13 of a ziggurat)
136970 | Zig:13   | Identified the ring "Qoixunagg" {rPois Dex+2} (You found it
                  | on level 13 of a ziggurat)
137005 | Zig:14   | Entered Level 14 of a ziggurat
137122 | Zig:15   | Entered Level 15 of a ziggurat
137130 | Zig:15   | Paralysed by accursed screaming for 1 turns
137131 | Zig:15   | Found the ring of Phasing {EV+8}
137151 | Zig:15   | Identified the ring of Fatigue {*Drain Str+4 Int+4 Dex+3}
                  | (You found it on level 15 of a ziggurat)
137246 | Zig:16   | Entered Level 16 of a ziggurat
137337 | Zig:16   | Identified the +0 hat "Widiec" {rF- Regen+ Int+2} (You
                  | acquired it on level 16 of a ziggurat)
137352 | Zig:16   | Identified the amulet "Buejoiv" {Faith rPois Int-3 SInv}
                  | (You found it on level 16 of a ziggurat)
137413 | Zig:17   | Entered Level 17 of a ziggurat
137419 | Zig:17   | Noticed an ancient lich
137420 | Zig:17   | Noticed an ancient lich
137420 | Zig:17   | Noticed an ancient lich
137421 | Zig:17   | Noticed an ancient lich
137422 | Zig:17   | Reached skill level 27 in Ice Magic
137423 | Zig:17   | Killed an ancient lich
137423 | Zig:17   | Killed an ancient lich
137428 | Zig:17   | Killed an ancient lich
137428 | Zig:17   | Killed an ancient lich
137465 | Zig:17   | Identified the ring "Esopho" {MR+ Int+6 Dex-4 SInv} (You
                  | found it on level 17 of a ziggurat)
137469 | Zig:17   | Identified the amulet "Hungitys" {Inacc rF+ Dex+4} (You
                  | found it on level 17 of a ziggurat)
137500 | Zig:18   | Entered Level 18 of a ziggurat
137681 | Zig:18   | Identified the Grimoire of Feathery Heat
137722 | Zig:19   | Entered Level 19 of a ziggurat
137764 | Zig:19   | Identified the +0 shield of Mysticism {SInv} (You acquired
                  | it on level 19 of a ziggurat)
137774 | Zig:19   | Identified the Grimoire of the Dusty Oath
137784 | Zig:20   | Entered Level 20 of a ziggurat
137985 | Depths:1 | Lost mutation: Your flesh is cold resistant. (rC+) [potion
                  | of mutation]
137985 | Depths:1 | Lost mutation: You are partially covered in rugged brown
                  | scales. (AC +1, +3% HP) [potion of mutation]
137985 | Depths:1 | Lost mutation: You are agile. (Dex +2) [potion of mutation]
137985 | Depths:1 | Gained mutation: You are dopey. (Int -2) [potion of
                  | mutation]
137985 | Depths:1 | Gained mutation: Potions are less effective at restoring
                  | your health. [potion of mutation]
137985 | Depths:1 | Gained mutation: You are agile. (Dex +2) [potion of
                  | mutation]
137986 | Depths:1 | Lost mutation: You are agile. (Dex +2) [potion of mutation]
137986 | Depths:1 | Lost mutation: You are dopey. (Int -2) [potion of mutation]
137986 | Depths:1 | Lost mutation: You are covered in fur. (AC +1) [potion of
                  | mutation]
137986 | Depths:1 | Lost mutation: Potions are less effective at restoring your
                  | health. [potion of mutation]
137986 | Depths:1 | Gained mutation: You are resistant to hostile enchantments.
                  | (MR+) [potion of mutation]
137986 | Depths:1 | Gained mutation: You have a beak for a mouth. [potion of
                  | mutation]
137986 | Depths:1 | Gained mutation: You expend magic power (3 MP) to
                  | strengthen your wands. [potion of mutation]
138200 | Zot:5    | Noticed an ancient lich
138210 | Zot:5    | Killed an ancient lich
138281 | Zot:5    | Noticed an orb of fire
138294 | Zot:5    | Killed an orb of fire
138302 | Zot:5    | Noticed an orb of fire
138308 | Zot:5    | Killed an orb of fire
138312 | Zot:5    | Noticed an orb of fire
138321 | Zot:5    | Killed an orb of fire
138462 | Zot:5    | Noticed an orb of fire
138465 | Zot:5    | Killed an orb of fire
138482 | Zot:5    | Noticed an orb of fire
138483 | Zot:5    | Gained mutation: Scrolls take you a little longer to read.
                  | [an orb of fire]
138484 | Zot:5    | Got the Orb of Zot
138489 | Zot:5    | Killed an orb of fire
138537 | Zot:4    | Gained mutation: You are frail. (-10% HP) [a cacodemon]
139031 | D:5      | Noticed a seraph
139040 | D:5      | Killed a seraph
139254 | D:$      | Escaped with the Orb!

Skill      XL: |  1  2  3  4  5  6  7  8  9 10 11 12 13 14 15 16 17 18 19 20 21 22 23 24 25 26 27 |
---------------+----------------------------------------------------------------------------------+-----
Fighting       | 3 4 6 7 8 9 11 13 14 15 17 20 22 27 | 27.0
Maces & Flails | 4 5 6 8 10 12 | 12.2
Invocations    | 3 6 8 11 17 21 27 | 27.0
Armour         | 5 8 9 10 12 13 15 16 27 | 27.0
Shields        | 4 8 10 11 12 15 17 18 19 20 22 27 | 27.0
Dodging        | 3 5 6 8 9 10 24 | 24.6
Axes           | 1 10 12 15 16 24 | 24.4
Charms         | 21 | 21.4
Spellcasting   | 27 | 27.0
Necromancy     | 21 | 21.2
Translocations | 27 | 27.0
Earth Magic    | 5 |  5.0
Transmutations | 6 |  6.0
Stealth        | 27 | 27.0
Air Magic      | 11 | 11.4
Conjurations   | 27 | 27.0
Fire Magic     | 27 | 27.0
Ice Magic      | 27 | 27.0
Throwing       | |  1.7

Action                   |  1- 3 |  4- 6 |  7- 9 | 10-12 | 13-15 | 16-18 | 19-21 | 22-24 | 25-27 || total
-------------------------+-------+-------+-------+-------+-------+-------+-------+-------+-------++-------
Melee: Flail             |   127 |   101 |   249 |     3 |       |       |       |       |       ||   480
       Hand axe          |       |    91 |    62 |       |       |       |       |       |       ||   153
       Whip              |       |       |       |  1730 |  4475 |    17 |       |       |       ||  6222
       War axe           |       |       |       |       |     9 |   203 |       |       |       ||   212
       Morningstar       |       |       |       |       |     1 |       |       |       |       ||     1
       Broad axe         |       |       |       |       |       |   858 |  1222 |  1082 | 16562 || 19724
       Unarmed           |       |       |       |       |       |       |    14 |       |       ||    14
       Peck              |       |       |       |       |       |       |       |       |    61 ||    61
Throw: Throwing net      |       |       |       |       |     1 |       |       |     1 |       ||     2
 Cast: Regeneration      |       |       |       |       |       |       |       |       |   521 ||   521
       Ignition          |       |       |       |       |       |       |       |       |   152 ||   152
       Controlled Blink  |       |       |       |       |       |       |       |       |    75 ||    75
       Apportation       |       |       |       |       |       |       |       |       |    34 ||    34
       Fire Storm        |       |       |       |       |       |       |       |       |     4 ||     4
       Swiftness         |       |       |       |       |       |       |       |       |     2 ||     2
       Death's Door      |       |       |       |       |       |       |       |       |     1 ||     1
       Song of Slaying   |       |       |       |       |       |       |       |       |     1 ||     1
Invok: Line Pass         |       |       |     1 |     6 |    37 |     2 |       |       |     8 ||    54
       Stomp             |       |       |       |     2 |    12 |       |     1 |     1 |     1 ||    17
       Grand Finale      |       |       |       |     2 |     2 |       |     1 |     1 |    50 ||    56
 Abil: Fly               |       |       |       |       |     1 |       |       |       |       ||     1
       Evoke Berserk Rag |       |       |       |       |       |       |       |       |     3 ||     3
       Stop Flying       |       |       |       |       |       |       |       |       |     2 ||     2
Evoke: Wand              |       |     6 |    30 |     9 |    14 |     2 |     1 |     6 |    39 ||   107
       Figurine of a zig |       |       |       |       |       |       |       |       |     3 ||     3
  Use: Scroll            |       |     5 |    10 |     6 |     9 |    11 |     5 |    21 |   153 ||   220
       Potion            |       |       |     3 |     1 |     3 |     2 |     1 |    10 |   102 ||   122
 Stab: Paralysed         |       |       |     4 |   107 |   215 |   128 |   162 |   164 |  1864 ||  2644
       Confused          |       |       |     1 |     2 |    20 |     2 |       |       |     8 ||    33
       Sleeping          |       |       |       |     3 |     3 |       |       |       |     3 ||     9
       Distracted        |       |       |       |       |       |       |       |     1 |    18 ||    19
       Held in net/web   |       |       |       |       |       |       |       |     1 |       ||     1
       Invisible         |       |       |       |       |       |       |       |       |    15 ||    15
       Petrifying        |       |       |       |       |       |       |       |       |     1 ||     1
  Eat: Chunk             |     1 |     7 |    14 |    22 |    52 |    13 |    33 |    13 |   106 ||   261
       Ration            |       |       |       |     2 |     5 |     4 |     1 |     6 |    88 ||   106
Armor: Leather armour    |    26 |       |       |       |       |       |       |       |       ||    26
       Scale mail        |    55 |   120 |   133 |   220 |   331 |       |       |       |       ||   859
       Plate armour      |       |       |       |       |   244 |   362 |   209 |    42 |       ||   857
       Gold dragon scale |       |       |       |       |       |       |       |   154 |  4369 ||  4523
Dodge: Dodged            |    69 |    84 |   130 |   431 |  1057 |   486 |   341 |   250 |  3708 ||  6556
Block: Buckler           |       |       |       |    71 |       |       |       |       |       ||    71
       Shield            |       |       |       |   184 |  1267 |   369 |       |       |       ||  1820
       Large shield      |       |       |       |       |       |   469 |   919 |   865 | 16440 || 18693
